Cogmind - Beta 11 X7 @@@ ROGUE MODE // 2021.09.18 @ 23:10:42 Player: LU-1G1 Result: Heading to fleet! Performance ------------- Evolutions (9) 4500 Regions Visited (35) 7000 Robots Destroyed (99) 495 Value Destroyed (3483) 3483 Prototype IDs (106) 2120 Alien Tech Used (13) 2600 Bonus (35435) 35435 TOTAL SCORE: 55633 Bonus ------- High Alert Combat Kills 157 Follower Combat Kills 681 Aligned with FarCom 300 Met Data Miner 300 Met Zhirov 300 Met Warlord at Base 500 MAIN.C Attacked Warlord 500 Found Hidden Lab 3000 Used Core Reset Matrix 3000 Hacked Protovariant 500 Pursued by Intercept 1000 Destroyed MAIN.C Guards 500 Met MAIN.C 5000 Destroyed MAIN.C Shell 5000 Destroyed MAIN.C 10000 Met Warlord at Command 2000 Met Architect 300 Destroyed A6 400 Win 3000 Friendly Fire -1003 Cogmind --------- Core Integrity 179/1850 Matter 379/425 Energy 582/600 System Corruption 8% Temperature Hot (212) Movement Walking (120) Location To Fleet Rendezvous Parts ------- > --- POWER (2) -------- Reinforced Quantum Reactor Reinforced Quantum Reactor > --- PROPULSION (8) --- Armored Heavy Treads High-density Centrium Leg High-density Centrium Leg High-density Centrium Leg High-density Centrium Leg High-density Centrium Leg High-density Centrium Leg > --- UTILITY (12) ----- Large Storage Unit Experimental Optical Array Experimental Targeting Computer Advanced Armor Integrity Analyzer Centrium Light Armor Plating Centrium Medium Armor Plating SHELL Armor Microwarp Drive > --- WEAPON (4) ------- Cooled Nova Cannon Compact Tesla Bomb Launcher Compact Tesla Bomb Launcher > --- INVENTORY (17) --- Armored Heavy Treads Experimental Heat Sink Experimental Energy Well (600) Matter Compressor (250) Experimental Targeting Computer Experimental Targeting Computer Advanced Weapon Cycler Compact HERF Cannon Enhanced Nova Cannon Enhanced Nova Cannon Compact Linear Accelerator Peak State ------------ > --- POWER ------------ Reinforced Quantum Reactor Reinforced Quantum Reactor > --- PROPULSION ------- Armored Heavy Treads High-density Centrium Leg High-density Centrium Leg High-density Centrium Leg High-density Centrium Leg High-density Centrium Leg High-density Centrium Leg > --- UTILITY ---------- Large Storage Unit Experimental Optical Array Experimental Targeting Computer Advanced Armor Integrity Analyzer Advanced Phase Shifter Centrium Light Armor Plating Centrium Medium Armor Plating SHELL Armor Microwarp Drive > --- WEAPON ----------- Compact Linear Accelerator Graviton Cannon Compact Tesla Bomb Launcher Compact Tesla Bomb Launcher > --- INVENTORY -------- Armored Heavy Treads Experimental Heat Sink Experimental Energy Well Matter Compressor Experimental Targeting Computer Experimental Targeting Computer Advanced Weapon Cycler Advanced Phase Shifter Transdimensional Reconstructor Compact HERF Cannon Enhanced Nova Cannon Enhanced Nova Cannon Cooled Nova Cannon Compact Linear Accelerator [Rating: 249] Favorites ----------- Power Reinforced Quantum Reactor Engine Ion Engine Power Core Light Nuclear Core Reactor Reinforced Quantum Reactor Propulsion High-density Centrium Leg Treads Experimental Biometal Medium Treads Leg High-density Centrium Leg Hover Unit Cooled Antigrav System Flight Unit Biomechanical Wings Utility Experimental Optical Array Device Experimental Heat Sink Storage Experimental Energy Well Processor Experimental Optical Array Hackware Hacking Suite Protection SHELL Armor Artifact Matter Drive Weapon Heavy Hardcell Cannon Energy Gun Heavy Laser Energy Cannon Compact HERF Cannon Ballistic Gun Assault Rifle Ballistic Cannon Heavy Hardcell Cannon Launcher Compact Tesla Bomb Launcher Special Weapon Molecular Deconstructor Impact Weapon Great Maul Slashing Weapon Molecular Scythe Piercing Weapon Lance Build | -11 -10 -10 -10 -9 -8 -7 -7 -7 -7 -6 -6 -6 -6 -6 -6 -5 -5 -5 -5 -5 -4 -4 -4 -4 -4 -3 -3 -3 -3 -2 -2 -2 -1 -1 -1 ------- Run | Scr Mat Min Exi Min Mat Fac Low Low Dat Pro Fac Low Low Zio Dee Pro Fac Upp Upp War Pro Fac Upp Upp Zhi Pro Res Arm Lab Res Tes Sec Acc Com Ac0 Slots Evolved 18 | . . . . . 4 2 . . . . 2 . . . . . 2 . . . . 2 . . . . 2 . . 2 . . 2 . . Power 1 | . . . . . . . . . . . . . . . . . . . . . . . . . . . . . . . . . 1 . . Propulsion 6 | . . . . . 1 1 . . . . . . . . . . 1 . . . . 1 . . . . 1 . . 1 . . . . . Utility 10 | . . . . . 3 1 . . . . 2 . . . . . 1 . . . . 1 . . . . . . . 1 . . 1 . . Weapon 1 | . . . . . . . . . . . . . . . . . . . . . . . . . . . 1 . . . . . . . . Parts Attached 431 | 7 12 . 2 . 27 12 1 2 . . 2 4 1 3 1 2 16 . 19 10 7 14 2 2 9 1 8 27 28 11 11 10 8 158 14 Power 30 | 1 2 . . . 1 . . . . . . . . . . . 1 . 3 1 . 2 . . 1 . . 2 4 1 . 1 . 9 1 Engine 3 | 1 2 . . . . . . . . . . . . . . . . . . . . . . . . . . . . . . . . . . Core 13 | . . . . . 1 . . . . . . . . . . . 1 . 3 1 . 2 . . . . . 1 3 . . 1 . . . Reactor 14 | . . . . . . . . . . . . . . . . . . . . . . . . . 1 . . 1 1 1 . . . 9 1 Propulsion 95 | 2 4 . 1 . 9 5 . . . . . 1 . . . . 4 . 4 5 4 2 1 . 3 . 2 5 3 . 1 . 1 31 7 Treads 25 | 2 4 . 1 . 5 . . . . . . . . . . . 4 . 3 . . . . . . . . . . . . . . 6 . Leg 24 | . . . . . . . . . . . . . . . . . . . . . 1 . . . . . . . . . . . . 16 7 Wheel . | . . . . . . . . . . . . . . . . . . . . . . . . . . . . . . . . . . . . Hover 4 | . . . . . . . . . . . . . . . . . . . . 2 . 2 . . . . . . . . . . . . . Flight 42 | . . . . . 4 5 . . . . . 1 . . . . . . 1 3 3 . 1 . 3 . 2 5 3 . 1 . 1 9 . Utility 192 | 2 2 . 1 . 12 6 . 2 . . 2 2 . 3 . 2 7 . 6 3 . 5 1 . 3 . 4 13 10 9 7 8 2 76 4 Device 74 | 1 . . . . 2 2 . 2 . . . 1 . . . 2 . . 3 1 . 1 1 . 2 . 2 3 1 3 3 3 1 37 3 Storage 23 | 1 . . 1 . 1 . . . . . . . . . . . 1 . 1 1 . . . . 1 . . . 3 3 . 1 . 9 . Processor 19 | . . . . . 2 3 . . . . 1 . . 1 . . 3 . . 1 . 1 . . . . 1 . . . 1 . . 5 . Hackware 17 | . . . . . 2 1 . . . . 1 1 . 1 . . 2 . . . . 2 . . . . 1 2 1 1 . . 1 1 . Protection 56 | . 2 . . . 5 . . . . . . . . 1 . . 1 . 2 . . 1 . . . . . 8 5 2 3 4 . 22 . Artifact 3 | . . . . . . . . . . . . . . . . . . . . . . . . . . . . . . . . . . 2 1 Weapon 114 | 2 4 . . . 5 1 1 . . . . 1 1 . 1 . 4 . 6 1 3 5 . 2 2 1 2 7 11 1 3 1 5 42 2 Energy Gun 8 | . . . . . . . . . . . . . . . . . . . 1 . . 1 . . 1 . . . 2 1 . . . 2 . Energy Cannon 32 | . . . . . . . . . . . . . . . . . . . 2 1 2 2 . . . . 1 1 5 . 1 . 3 13 1 Ballistic Gun 18 | 2 4 . . . 3 . . . . . . . . . . . 3 . 1 . 1 . . . . . . . . . . . . 4 . Ballistic Cannon 16 | . . . . . . . . . . . . . . . . . . . . . . . . . . . . . . . . . . 16 . Launcher 16 | . . . . . 2 . . . . . . . . . . . . . . . . . . 2 . 1 . 1 . . 2 . 1 6 1 Special Weapon 4 | . . . . . . . . . . . . 1 . . 1 . . . . . . . . . . . . . 1 . . . 1 . . Impact Weapon 3 | . . . . . . . 1 . . . . . 1 . . . 1 . . . . . . . . . . . . . . . . . . Slashing Weapon 8 | . . . . . . 1 . . . . . . . . . . . . . . . 2 . . 1 . 1 2 . . . . . 1 . Piercing Weapon 9 | . . . . . . . . . . . . . . . . . . . 2 . . . . . . . . 3 3 . . 1 . . . Special Melee Weapon . | . . . . . . . . . . . . . . . . . . . . . . . . . . . . . . . . . . . . Unidentified Prototypes 65 | . . . . . 2 1 . . . . . 2 . . . . . . . 5 1 4 . . 4 . 2 4 7 3 6 . 1 23 . Corrupted Parts 1 | . . . . . . . . . . . . . . . . . . . . . . . . . . . . . . . . . . 1 . System Corruption 1 | . . . . . . . . . . . . . . . . . . . . . . . . . . . . . . . . . . 1 . Parts Lost 75 | . . . . . 2 . . . . . . 1 . . 4 5 2 . 10 . 1 4 . . . . 2 10 8 . 4 4 2 11 5 Power 5 | . . . . . . . . . . . . . . . 1 . . . 1 . . . . . . . . 1 1 . . 1 . . . Propulsion 24 | . . . . . . . . . . . . . . . . 2 1 . 3 . 1 2 . . . . 1 3 2 . 1 2 1 5 . Utility 32 | . . . . . 2 . . . . . . . . . 2 2 1 . 5 . . 2 . . . . . 2 5 . 2 1 1 4 3 Weapon 14 | . . . . . . . . . . . . 1 . . 1 1 . . 1 . . . . . . . 1 4 . . 1 . . 2 2 Highest Loss Streak 10 | . . . . . 1 . . . . . . 1 . . 4 4 3 . 10 . 1 3 . . . . 1 4 5 . 4 2 1 5 2 Average Slot Usage (%) 76 | . 99 100 100 100 90 97 100 99 100 100 88 90 90 93 92 55 71 83 75 60 47 62 65 71 81 87 79 81 80 89 89 80 69 68 82 Engine 1 | . 14 14 14 14 8 . . . . . . . . . . . . . . . . . . . . . . . . . . . . . . Core 1 | . . . . . . 7 7 7 7 7 6 6 6 6 5 . 4 5 4 . . 5 5 5 2 . . 2 3 2 . 2 3 . . Reactor 2 | . . . . . . . . . . . . . . . . . . . . . . . . . 2 5 4 1 . 1 4 1 . 4 7 Treads 6 | . 27 28 28 28 25 . . . . . . . . . . . 16 22 20 1 . . . . . . . . . . . . . 3 3 Leg 10 | . . . . . . . . . . . . . . . . . . . . . . . . . . . . . . . . . . 17 22 Flight 8 | . . . . . . 27 30 30 30 30 26 25 25 25 25 16 5 5 . 8 7 11 10 15 23 30 28 30 29 29 30 26 20 4 . Device 4 | . . . . . 1 7 7 10 15 15 13 12 12 7 . 4 . . 7 8 5 1 2 5 4 5 1 3 3 4 8 12 11 5 2 Storage 7 | . 14 14 14 14 9 7 7 7 7 7 6 6 6 6 6 5 . . 3 3 5 5 5 5 5 5 4 4 4 6 8 8 11 7 4 Processor 10 | . . . . . 4 9 30 26 23 23 21 25 25 22 24 14 25 27 17 16 22 18 15 15 15 15 11 4 4 4 4 4 3 9 11 Hackware 3 | . . . . . 8 13 . . . . 1 6 6 10 12 12 16 22 7 5 5 10 15 15 15 15 17 18 12 15 16 14 14 . . Protection 4 | . 13 14 14 14 14 6 . . . . . . . 2 6 . . . 2 1 . 1 3 . . . . 2 7 9 6 3 2 3 11 Ballistic Gun 3 | . 28 28 28 28 17 1 . . . . . . . . . . . . . . . 1 . . . . . . . . . . . . . Ballistic Cannon 3 | . . . . . . . . . . . . . . . . . . . . . . . . . . . . . . . . . . 5 5 Launcher 1 | . . . . . . 7 7 7 7 7 6 . . . . . . . . . . . . 1 . 2 4 2 . . 3 1 . . 7 Naked Turns . | . . . . . . . . . . . . . . . . . . . . . . . . . . . . . . . . . . . . Heaviest Build 413 | 14 17 17 32 32 37 17 16 17 17 17 17 18 21 21 21 8 17 5 42 33 9 16 16 24 37 38 50 48 413 53 56 57 46 161 158 Greatest Support 192 | 40 40 40 40 40 60 21 21 21 21 21 21 21 21 21 21 21 108 5 131 28 28 20 21 21 39 39 58 58 48 56 64 58 47 192 192 Greatest Overweight (x) 52 | . . . . . 10 1 . . . . . . . . . . 1 . 1 2 . . . 1 . . 1 1 10 1 . 1 . 52 . Average Overweight (x) . | . . . . . . . . . . . . . . . . . . . . . . . . . . . . . . . . . . 2 . Largest Inventory Capacity 35 | 8 8 8 15 15 15 8 8 8 8 8 8 8 8 8 8 8 25 5 5 25 25 25 25 25 25 25 25 25 35 25 15 17 17 17 17 Average Capacity 13 | 6 8 8 11 15 14 8 8 8 8 8 8 8 8 8 8 7 5 5 5 14 25 25 25 25 25 25 25 25 31 19 15 15 17 14 17 Most Carried 25 | 5 8 8 15 15 15 8 8 8 8 8 8 8 8 8 8 8 5 5 5 14 21 25 25 25 25 25 25 25 25 25 15 17 16 17 17 Average Carried 12 | 2 7 8 10 15 14 7 8 6 8 8 7 6 7 7 8 7 4 5 4 7 19 21 24 24 24 24 24 24 22 18 14 14 15 12 14 Final Capacity 25 | 8 8 8 15 15 8 8 8 8 8 8 8 8 8 8 8 5 5 5 5 25 25 25 25 25 25 25 25 25 25 15 15 17 17 17 17 Final Carried 25 | 5 8 8 15 15 8 8 8 8 8 8 6 8 8 8 8 5 5 5 5 13 20 25 25 25 25 25 25 23 25 15 14 17 16 17 12 Class Distribution -------------------- 52% | Alien-Gunner 15% | Mutant 7% | Hacker-Sprinter 5% | Hacker-Mutant 3% | Scout 3% | Alien-Mutant 3% | Wizard-Sprinter Dominant Class ---------------- Mutant | -10/Materials Mutant | -10/Mines Mutant | -10/Exiles Mutant | -9/Mines Mutant | -8/Materials Hacker-Sprinter | -7/Factory Scout | -7/Lower Caves Scout | -7/Lower Caves Scout | -7/Data Miner Scout | -6/Proximity Caves Scout | -6/Factory Scout | -6/Lower Caves Derelict-Scout | -6/Lower Caves Derelict-Scout | -6/Zion Derelict-Sprinter | -6/Deep Caves Hacker-Scout | -5/Proximity Caves Hacker-Mutant | -5/Factory Hacker-Mutant | -5/Upper Caves Derelict-Mutant | -5/Upper Caves Mutant | -5/Warlord Mutant | -4/Proximity Caves Mutant | -4/Factory Hacker-Sprinter | -4/Upper Caves Hacker-Sprinter | -4/Upper Caves Hacker-Sprinter | -4/Zhirov Hacker-Sprinter | -3/Proximity Caves Hacker-Sprinter | -3/Research Hacker-Sprinter | -3/Armory Hacker-Sprinter | -3/Lab Wizard-Sprinter | -2/Research Wizard-Sprinter | -2/Testing Hacker-Sprinter | -2/Section 7 Wizard-Sprinter | -1/Access Alien-Gunner | -1/Command Alien-Mutant | -1/Access_0 Resources | -11 -10 -10 -10 -9 -8 -7 -7 -7 -7 -6 -6 -6 -6 -6 -6 -5 -5 -5 -5 -5 -4 -4 -4 -4 -4 -3 -3 -3 -3 -2 -2 -2 -1 -1 -1 ----------- Run | Scr Mat Min Exi Min Mat Fac Low Low Dat Pro Fac Low Low Zio Dee Pro Fac Upp Upp War Pro Fac Upp Upp Zhi Pro Res Arm Lab Res Tes Sec Acc Com Ac0 Matter Collected 6326 | 249 289 20 . . 374 388 10 20 . . . 85 10 . . . 74 20 382 2 64 245 30 54 392 173 58 156 347 379 . 58 31 2317 99 Remotely 625 | 97 . . . . . . . . . . . . . . . . . . 76 . . . . . . . . . . . . . . 452 . Salvage Created 4968 | 82 700 . . . 420 118 138 . . . . 45 . . . . 74 . 247 . . 80 . 26 392 68 170 217 80 98 . 299 225 1399 90 Parts 227 | 4 36 . . . 29 5 1 . . . . 5 . . . . 7 . 6 . . . . 3 3 4 10 12 7 5 . 17 8 55 10 Haulers Intercepted 7 | . 1 . . . 3 1 . . . . . . . . . . . . . . . 1 . . . . . . . 1 . . . . . Recyclers Shooed 4 | 1 2 . . . . . . . . . . . . . . . . . . . . . . . . . . . . . . . . 1 . Parts Field Recycled . | . . . . . . . . . . . . . . . . . . . . . . . . . . . . . . . . . . . . Retrieved Matter . | . . . . . . . . . . . . . . . . . . . . . . . . . . . . . . . . . . . . Parts Self-Destructed 49 | . . . . . . . 7 . . . . 3 5 . . . . . 5 23 . . . . 3 3 . . . . . . . . . Prevented 6 | . . . . . . . . . . . . . 1 . . . . . 3 1 . . . 1 . . . . . . . . . . . Kills | -11 -10 -10 -10 -9 -8 -7 -7 -7 -7 -6 -6 -6 -6 -6 -6 -5 -5 -5 -5 -5 -4 -4 -4 -4 -4 -3 -3 -3 -3 -2 -2 -2 -1 -1 -1 ------- Run | Scr Mat Min Exi Min Mat Fac Low Low Dat Pro Fac Low Low Zio Dee Pro Fac Upp Upp War Pro Fac Upp Upp Zhi Pro Res Arm Lab Res Tes Sec Acc Com Ac0 Combat Hostiles Destroyed 65 | . 9 . . . 9 . . . . . . 4 . . . . 1 . 4 . . . . 4 . 4 5 5 1 . . 4 5 9 1 Melee 7 | . . . . . . . . . . . . . . . . . . . . . . . . . . . . 4 1 . . 2 . . . Guns 15 | . 9 . . . 2 . . . . . . . . . . . 1 . 3 . . . . . . . . . . . . . . . . Cannons 8 | . . . . . . . . . . . . . . . . . . . . . . . . . . . . . . . . . . 8 . AOE 31 | . . . . . 7 . . . . . . 4 . . . . . . . . . . . 4 . 4 5 . . . . 2 5 . . Classes Destroyed 18 | 2 3 . . . 3 . 1 . . . . . . . . . . . 2 . . . . . . . 1 1 . 1 . . . 4 . Worker 5 | . 1 . . . 3 1 . . . . . . . . . . . . . . . . . . . . . . . . . . . . . Builder 3 | . . . . . . . . . . . . . . . . . . . . . . . . . . . . . . 1 . 1 1 . . Tunneler 1 | 1 . . . . . . . . . . . . . . . . . . . . . . . . . . . . . . . . . . . Hauler 7 | . 1 . . . 3 1 . . . . . . . . . . . . . . . 1 . . . . . . . 1 . . . . . Recycler 10 | 1 3 . . . 1 . . . . . . . . . . . . . . . . . . . . . . . . . . 1 . 4 . Mechanic 4 | . . . . . 1 1 . . . . . . . . . . . . . . . . . . . . 1 . . . . . . 1 . Operator 3 | . . . . . . . . . . . . . . . . . . . . . . . . . . . 1 1 . . . . . 1 . Watcher 1 | . . . . . . . . . . . . . . . . . . . . . . . . . . . . . . . . . . 1 . Swarmer 33 | . . . . . 4 . . . . . . 4 . . . . . . . . . . . 4 . 4 5 3 . . . 4 5 . . Saboteur 1 | . . . . . . . . . . . . . . . . . . . . . . . . . . . . 1 . . . . . . . Grunt 15 | . 9 . . . 3 . . . . . . . . . . . . . 2 . . . . . . . . 1 . . . . . . . Brawler 1 | . . . . . . . . . . . . . . . . . . . 1 . . . . . . . . . . . . . . . . Sentry 3 | . . . . . 2 . . . . . . . . . . . 1 . . . . . . . . . . . . . . . . . . Demolisher 1 | . . . . . . . . . . . . . . . . . . . . . . . . . . . . . . . . . . 1 . Hunter 4 | . . . . . . . . . . . . . . . . . . . 1 . . . . . . . . . . . . . . 3 . Programmer 2 | . . . . . . . . . . . . . . . . . . . . . . . . . . . . . . . . . . 2 . Behemoth 1 | . . . . . . . . . . . . . . . . . . . . . . . . . . . . . . . . . . 1 . Packrat 1 | . . . . . . . 1 . . . . . . . . . . . . . . . . . . . . . . . . . . . . Tinkerer 1 | . . . . . . . 1 . . . . . . . . . . . . . . . . . . . . . . . . . . . . Best Kill Streak 9 | 2 4 . . . 9 1 . . . . . 4 . . . . 1 . 2 . . 1 . 4 . 4 6 3 1 2 . 5 6 2 1 Combat Bots Only 7 | . 4 . . . 7 . . . . . . 4 . . . . 1 . 2 . . . . 4 . 4 5 3 1 . . 3 5 2 1 Max Kills in Single Turn 4 | 1 1 . . . 3 1 1 . . . . 2 . . . . 1 . 1 . . 1 . 1 . 3 4 1 1 1 . 2 2 1 1 Gunslinging . | . . . . . . . . . . . . . . . . . . . . . . . . . . . . . . . . . . . . Exploded 4 | . . . . . 2 . . . . . . 2 . . . . . . . . . . . 1 . 3 4 . . . . 2 1 . . Melee 1 | . . . . . . . . . . . . . . . . . . . . . . . . . . . . 1 1 . . 1 . . . Uniques/NPCs Destroyed 4 | . . . . . . . . . . . . . . . . . . . . . . . . . . . . . 1 . . . . 2 1 A5 (-3/Lab) MAIN.C Shell (-1/Command) MAIN.C (-1/Command) A6 (-1/Access_0) Combat | -11 -10 -10 -10 -9 -8 -7 -7 -7 -7 -6 -6 -6 -6 -6 -6 -5 -5 -5 -5 -5 -4 -4 -4 -4 -4 -3 -3 -3 -3 -2 -2 -2 -1 -1 -1 -------- Run | Scr Mat Min Exi Min Mat Fac Low Low Dat Pro Fac Low Low Zio Dee Pro Fac Upp Upp War Pro Fac Upp Upp Zhi Pro Res Arm Lab Res Tes Sec Acc Com Ac0 Damage Taken 24458 | . 481 . . . 663 166 . 14 . 28 . 116 47 . 857 427 228 264 1814 . 266 459 64 75 . 230 202 1763 1635 47 560 1206 353 4821 7672 Core 3557 | . 37 . . . 142 55 . . . . . 50 20 . 227 212 . 49 124 . 57 71 . 27 . 42 50 486 470 20 91 197 . 141 989 Absorbed by Shields . | . . . . . . . . . . . . . . . . . . . . . . . . . . . . . . . . . . . . Core Remaining (%) 66 | 100 . . . 85 74 . . . . 92 . . . . . 40 . . . . 77 . . . . 87 . . 18 . . 81 . . 9 Volleys Fired 313 | 3 67 . . . 48 1 . . . . . 2 . 8 3 . 2 . 49 . 2 2 . 5 . 7 4 6 1 5 . 2 16 73 7 Largest 4 | 2 2 . . . 2 1 . . . . . 1 . 1 1 . 1 . 2 . 1 1 . 1 . 1 1 1 2 1 . 1 1 4 2 Hottest 376 | 40 40 . . . 43 25 . . . . . 30 . . . . 30 . 150 . 50 98 . 46 . 46 50 113 120 40 . 49 50 376 98 Shots Fired 527 | 6 134 . . . 91 1 . . . . . 2 . 8 3 . 2 . 53 . 2 2 . 5 . 7 4 6 2 5 . 2 16 167 9 Gun 306 | 6 134 . . . 86 1 . . . . . . . . . . 2 . 49 . . . . . . . . . 2 5 . . . 21 . Cannon 168 | . . . . . . . . . . . . . . . . . . . 4 . 2 2 . . . . 2 1 . . . . 8 144 5 Launcher 42 | . . . . . 5 . . . . . . 2 . . . . . . . . . . . 5 . 7 2 5 . . . 2 8 2 4 Special 11 | . . . . . . . . . . . . . . 8 3 . . . . . . . . . . . . . . . . . . . . Kinetic 370 | 6 134 . . . 86 1 . . . . . . . . . . 2 . 21 . . . . . . . . . . . . . . 116 4 Thermal 41 | . . . . . . . . . . . . . . . . . . . 28 . . 1 . . . . . 1 . . . . 6 4 1 Explosive 21 | . . . . . 5 . . . . . . 2 . . . . . . . . . . . 5 . 7 2 . . . . . . . . Electromagnetic 56 | . . . . . . . . . . . . . . . . . . . 4 . . . . . . . . 5 2 5 . 2 8 26 4 Entropic 28 | . . . . . . . . . . . . . . . . . . . . . 2 1 . . . . 2 . . . . . 2 21 . Robot Hit Streak 30 | 4 17 . . . 10 . . . . . . 1 . . 2 . 4 . 11 . 1 . . 4 . 6 8 5 . 2 . 3 4 30 3 Robot Miss Streak 7 | . 3 . . . 7 1 . . . . . 2 . . 1 . . . 3 . . . . . . . 2 2 . 2 . 1 2 3 1 Penetration Max 1 | . . . . . . . . . . . . . . . . . . . . . . . . . . . . . . 1 . . . . . Secondary Targets 1 | . . . . . 1 . . . . . . . . . . . . . . . . . . . . . . . . . . . . . . Max Gunslinging Chain 1 | . . . . . 1 . . . . . . . . . . . . . . . . . . . . . . . . . . . . . . Shots Hit Robots 415 | 4 102 . . . 56 5 3 . . . . 1 . . 2 . 2 . 41 . 1 1 . 3 6 2 7 18 22 5 . 5 5 121 3 Core Hits 228 | 3 34 . . . 34 3 3 . . . . 5 . . . . 2 . 10 . . 1 . 5 2 10 11 23 6 5 . 11 11 48 1 Critical Kills 2 | . 1 . . . . . . . . . . . . . . . 1 . . . . . . . . . . . . . . . . . . Critical Parts Destroyed 3 | . . . . . . . . . . . . . . . . . . . 1 . . . . . . . . . . . . . . 2 . Critical Strikes 10 | . 1 . . . . . . . . . . . . . . . 1 . 3 . . . . . . . . 2 . . . . . 3 . Burn 2 | . . . . . . . . . . . . . . . . . . . 2 . . . . . . . . . . . . . . . . Destroy 5 | . 1 . . . . . . . . . . . . . . . 1 . 1 . . . . . . . . . . . . . . 2 . Blast 1 | . . . . . . . . . . . . . . . . . . . . . . . . . . . . . . . . . . 1 . Sever 1 | . . . . . . . . . . . . . . . . . . . . . . . . . . . . 1 . . . . . . . Puncture 1 | . . . . . . . . . . . . . . . . . . . . . . . . . . . . 1 . . . . . . . Melee Attacks 155 | . . . . . . 13 4 . . 1 2 2 . 1 . . . . . . . 2 . . 7 8 11 34 36 4 1 29 . . . Impact 6 | . . . . . . . . . . 1 2 2 . 1 . . . . . . . . . . . . . . . . . . . . . Slashing 67 | . . . . . . 13 4 . . . . . . . . . . . . . . 2 . . 7 8 11 22 . . . . . . . Piercing 82 | . . . . . . . . . . . . . . . . . . . . . . . . . . . . 12 36 4 1 29 . . . Sneak Attacks 11 | . . . . . . 3 3 . . . . . . . . . . . . . . 1 . . . . 1 . . 2 . 1 . . . Combat Hostiles . | . . . . . . . . . . . . . . . . . . . . . . . . . . . . . . . . . . . . Follow-up Attacks 13 | . . . . . . . . . . . . . . . . . . . . . . . . . 1 . . 1 11 . . . . . . Damage Inflicted 18683 | 40 902 . . . 1419 411 312 . . . . 298 . . . . 49 . 923 . 61 170 . 478 942 730 888 1091 999 262 . 600 555 7448 105 Guns 2934 | 40 902 . . . 746 . . . . . . . . . . . 49 . 849 . . . . . . . . . . 10 . . . 338 . Cannons 7155 | . . . . . . . . . . . . . . . . . . . 74 . 61 . . . . . . . . . . . . 7020 . Explosions 4121 | . . . . . 667 . . . . . . 298 . . . . . . . . . . . 478 . 730 469 378 . . . 351 555 90 105 Melee 4460 | . . . . . . 404 312 . . . . . . . . . . . . . . 170 . . 942 . 419 713 999 252 . 249 . . . Ramming 13 | . . . . . 6 7 . . . . . . . . . . . . . . . . . . . . . . . . . . . . . Kinetic 8040 | 40 902 . . . 746 . . . . . . . . . . . 49 . 453 . . . . . . . . . . . . . . 5850 . Thermal 671 | . . . . . . . . . . . . . . . . . . . 396 . . . . . . . . . . . . . 70 205 . Explosive 2732 | . . . . . 667 . . . . . . 298 . . . . . . . . . . . 478 . 730 469 . . . . . . 90 . Electromagnetic 1757 | . . . . . . . . . . . . . . . . . . . 74 . . . . . . . . 378 . 10 . 351 485 354 105 Impact . | . . . . . . . . . . . . . . . . . . . . . . . . . . . . . . . . . . . . Slashing 2845 | . . . . . . 404 312 . . . . . . . . . . . . . . 170 . . 942 . 419 598 . . . . . . . Piercing 1615 | . . . . . . . . . . . . . . . . . . . . . . . . . . . . 115 999 252 . 249 . . . Entropic 1010 | . . . . . . . . . . . . . . . . . . . . . 61 . . . . . . . . . . . . 949 . Highest Corruption 26 | . . . . . . 2 2 2 2 2 . . . . . . . . 9 9 . . . . . . . 7 26 . . 2 . 2 8 Average Corruption 2 | . . . . . . 1 2 2 2 2 . . . . . . . . 8 9 . . . . . . . 4 13 . . 1 . 1 5 Corruption Purged 3 | . . . . . . . . . . . . . . . . . . . . . . . . . . . . . . . . . . 3 . Effects 135 | . . . . . . 6 1 1 . 2 . . . . . . . . 22 3 . . . . . . . 2 7 . . 1 . 81 9 Message Errors 55 | . . . . . . 5 1 . . 1 . . . . . . . . 9 . . . . . . . . . 2 . . . . 35 2 Matter Fused 12 | . . . . . . . . . . . . . . . . . . . 6 2 . . . . . . . 1 1 . . . . . 2 Heat Flow Errors 26 | . . . . . . . . . . . . . . . . . . . 2 1 . . . . . . . 1 1 . . . . 18 3 Energy Discharges 20 | . . . . . . 1 . . . . . . . . . . . . 1 . . . . . . . . . 1 . . 1 . 16 . Parts Rejected 3 | . . . . . . . . . . . . . . . . . . . 2 . . . . . . . . . 1 . . . . . . Data Loss (minor) 16 | . . . . . . . . 1 . 1 . . . . . . . . 1 . . . . . . . . . . . . . . 12 1 Data Loss (major) 2 | . . . . . . . . . . . . . . . . . . . . . . . . . . . . . 1 . . . . . 1 Misfires 1 | . . . . . . . . . . . . . . . . . . . 1 . . . . . . . . . . . . . . . . Overload Shots 3 | . . . . . . . . . . . . . . . . . . . . . . . . . . . . . . . . . . 3 . Overflow Damage 1163 | . . . . . . 55 . . . . . 9 . . . . . . . . 11 . . 13 576 16 150 114 14 . . 70 3 132 . Projectiles 143 | . . . . . . . . . . . . . . . . . . . . . 11 . . . . . . . . . . . . 132 . Explosions 56 | . . . . . . . . . . . . 9 . . . . . . . . . . . 13 . 16 . . . . . 15 3 . . Melee 964 | . . . . . . 55 . . . . . . . . . . . . . . . . . . 576 . 150 114 14 . . 55 . . . Knockbacks 12 | . . . . . . . . . . . . . . . . . . . . . . . . . . . . . . . . . . 12 . Impact . | . . . . . . . . . . . . . . . . . . . . . . . . . . . . . . . . . . . . Kinetic 12 | . . . . . . . . . . . . . . . . . . . . . . . . . . . . . . . . . . 12 . Secondary . | . . . . . . . . . . . . . . . . . . . . . . . . . . . . . . . . . . . . Self-Inflicted Damage 196 | . . . . . 28 2 . . . . . . . . . . . . . . . . . . . . . 5 . . . 36 . 4 121 Shots 11 | . . . . . 1 . . . . . . . . . . . . . . . . . . . . . . 3 . . . 2 . 1 4 Rammed 5 | . . . . . 1 4 . . . . . . . . . . . . . . . . . . . . . . . . . . . . . Targets Rammed 5 | . . . . . 1 4 . . . . . . . . . . . . . . . . . . . . . . . . . . . . . Kicked . | . . . . . . . . . . . . . . . . . . . . . . . . . . . . . . . . . . . . Crushed . | . . . . . . . . . . . . . . . . . . . . . . . . . . . . . . . . . . . . Highest Temperature 352 | . 48 . . . 32 3 . . . 2 . . . . 9 . . . 153 74 . 40 . . . . 48 259 184 5 48 . . 352 139 Average Temperature 42 | . 18 . . . 7 2 . . . 2 . . . . 4 . . . 64 41 . 21 . . . . 12 41 79 5 29 . . 128 81 Received Heat Transfer 2705 | . 273 . . . 288 33 . . . 12 . 18 15 . 254 144 18 54 783 . . 9 9 . . 27 27 267 . 18 117 36 . 69 234 Siege Activations . | . . . . . . . . . . . . . . . . . . . . . . . . . . . . . . . . . . . . Robots Corrupted 3 | . . . . . . . . . . . . . . . . . . . 1 . . . . . . . . . . . . . . 1 1 Combat Hostiles 3 | . . . . . . . . . . . . . . . . . . . 1 . . . . . . . . . . . . . . 1 1 Parts Fried 14 | . . . . . . . . . . . . . . . . . . . 2 . . . . . . . . 2 . . . 1 5 1 3 Impact Corruptions . | . . . . . . . . . . . . . . . . . . . . . . . . . . . . . . . . . . . . Robots Melted . | . . . . . . . . . . . . . . . . . . . . . . . . . . . . . . . . . . . . Combat Hostiles . | . . . . . . . . . . . . . . . . . . . . . . . . . . . . . . . . . . . . Parts Melted 2 | . . . . . . . . . . . . . . . . . . . 2 . . . . . . . . . . . . . . . . Heat Transferred 1075 | . . . . . . . . . . . . . . . . . . . 925 . . . . . . . . . . . . . 50 100 . Parts Sabotaged 3 | . . . . . . . . . . . . . . . . . . . . . . . . . . . . 3 . . . . . . . Parts Stolen 5 | . . . . . . . . 1 . . . . . . . . . . 4 . . . . . . . . . . . . . . . . Parts Stripped . | . . . . . . . . . . . . . . . . . . . . . . . . . . . . . . . . . . . . Power Chain Reactions 2 | . . . . . . . . . . . . . . . . . . . . . . . . . . . . . . . . . 2 . . Missiles Intercepted . | . . . . . . . . . . . . . . . . . . . . . . . . . . . . . . . . . . . . Alert | -11 -10 -10 -10 -9 -8 -7 -7 -7 -7 -6 -6 -6 -6 -6 -6 -5 -5 -5 -5 -5 -4 -4 -4 -4 -4 -3 -3 -3 -3 -2 -2 -2 -1 -1 -1 ------- Run | Scr Mat Min Exi Min Mat Fac Low Low Dat Pro Fac Low Low Zio Dee Pro Fac Upp Upp War Pro Fac Upp Upp Zhi Pro Res Arm Lab Res Tes Sec Acc Com Ac0 Peak Influence 1051 | 10 199 5 . . 245 583 . . . . 26 . . . . . 129 . . . . 106 . . . . 403 1051 . 101 358 751 760 332 . Initial 450 | . 6 5 . . . 111 . . . . 9 . . . . . 69 . . . . 37 . . . . 63 211 . . 74 201 450 . . Average 167 | 7 77 5 . . 113 130 . . . . 20 . . . . . 86 . . . . 69 . . . . 250 623 . 58 121 384 576 203 . Maximum Alert Level 3 | . . . . . 1 2 . . . . . . . . . . . . . . . . . . . . 2 3 . . 1 3 3 2 . Low Security (%) 24 | 100 100 100 . 100 81 91 . . . . 100 . . . . . 100 . . . . 100 . . . . 34 . . 100 84 35 . 2 . Level 1 52 | . . . . . 18 7 . . . . . . . . . . . . . . . . . . . . 64 39 . . 15 16 1 68 . Level 2 21 | . . . . . . . . . . . . . . . . . . . . . . . . . . . . 13 . . . 25 79 28 . Level 3 1 | . . . . . . . . . . . . . . . . . . . . . . . . . . . . 46 . . . 22 17 . . Level 4 . | . . . . . . . . . . . . . . . . . . . . . . . . . . . . . . . . . . . . Level 5 . | . . . . . . . . . . . . . . . . . . . . . . . . . . . . . . . . . . . . High Security . | . . . . . . . . . . . . . . . . . . . . . . . . . . . . . . . . . . . . Max Security . | . . . . . . . . . . . . . . . . . . . . . . . . . . . . . . . . . . . . Squads Dispatched 45 | . 4 . . . 3 11 . . . . 1 . . . . . 2 . . . . 2 . . . 1 3 3 . 1 7 4 2 1 . Investigation 21 | . 3 . . . 2 6 . . . . 1 . . . . . 1 . . . . 1 . . . . 2 2 . 1 1 . 1 . . Extermination 7 | . . . . . . 3 . . . . . . . . . . 1 . . . . . . . . . 1 1 . . . 1 . . . Reinforcement 12 | . 1 . . . . 2 . . . . . . . . . . . . . . . 1 . . . . . . . . 4 2 1 1 . Assault 2 | . . . . . . . . . . . . . . . . . . . . . . . . . . 1 . . . . 1 . . . . Garrison 1 | . . . . . 1 . . . . . . . . . . . . . . . . . . . . . . . . . . . . . . Intercept 2 | . . . . . . . . . . . . . . . . . . . . . . . . . . . . . . . 1 1 . . . Construction Impeded 1 | . . . . . . . . . . . . . . . . . . . . . . . . . . . . . . . . 1 . . . Haulers Reinforced . | . . . . . . . . . . . . . . . . . . . . . . . . . . . . . . . . . . . . Active Scanning Responses . | . . . . . . . . . . . . . . . . . . . . . . . . . . . . . . . . . . . . Cargo Convoy Interrupts 1 | . . . . . . 1 . . . . . . . . . . . . . . . . . . . . . . . . . . . . . Stealth | -11 -10 -10 -10 -9 -8 -7 -7 -7 -7 -6 -6 -6 -6 -6 -6 -5 -5 -5 -5 -5 -4 -4 -4 -4 -4 -3 -3 -3 -3 -2 -2 -2 -1 -1 -1 --------- Run | Scr Mat Min Exi Min Mat Fac Low Low Dat Pro Fac Low Low Zio Dee Pro Fac Upp Upp War Pro Fac Upp Upp Zhi Pro Res Arm Lab Res Tes Sec Acc Com Ac0 Distress Signals 48 | . . . . . 2 . . . . . . . . . . . . . . . . . . . . . 1 1 . 3 5 3 1 32 . Communications Jammed 38 | . . . . . . . . . . . . . . . . . . . . . . . . . . . . . . . 12 26 . . . Distress Signals 38 | . . . . . . . . . . . . . . . . . . . . . . . . . . . . . . . 12 26 . . . Times Spotted 410 | . 12 . . . 24 27 . 2 . 8 . 16 4 . 10 15 2 1 9 3 5 6 3 8 . 16 13 62 1 13 24 45 21 42 18 Peak Tracking Total 20 | . 4 . . . 9 12 . 2 . 7 . 14 3 . 8 8 2 1 4 2 5 4 2 6 . 11 6 13 1 5 17 20 10 7 15 Tactical Retreats 55 | . . . . . . 4 . . . 1 . 4 2 . 3 3 . 1 . . 1 . 1 . . 1 2 10 . 2 3 7 1 9 . Traps | -11 -10 -10 -10 -9 -8 -7 -7 -7 -7 -6 -6 -6 -6 -6 -6 -5 -5 -5 -5 -5 -4 -4 -4 -4 -4 -3 -3 -3 -3 -2 -2 -2 -1 -1 -1 ------- Run | Scr Mat Min Exi Min Mat Fac Low Low Dat Pro Fac Low Low Zio Dee Pro Fac Upp Upp War Pro Fac Upp Upp Zhi Pro Res Arm Lab Res Tes Sec Acc Com Ac0 Traps Triggered 18 | . 1 . . . . . . . . . . . . . . . 1 . . . . . . . . . . 4 . . 1 . 1 10 . Indirectly 1 | . . . . . . . . . . . . . . . . . . . . . . . . . . . . . . . . . . 1 . Trap Hack Attempts . | . . . . . . . . . . . . . . . . . . . . . . . . . . . . . . . . . . . . Triggered . | . . . . . . . . . . . . . . . . . . . . . . . . . . . . . . . . . . . . Disarmed 8 | . . . . . 4 . . . . . . . . . . . . . . . . 4 . . . . . . . . . . . . . Reprogrammed . | . . . . . . . . . . . . . . . . . . . . . . . . . . . . . . . . . . . . Reused 2 | . . . . . . 2 . . . . . . . . . . . . . . . . . . . . . . . . . . . . . Traps Reconfigurated 8 | . . . . . . 8 . . . . . . . . . . . . . . . . . . . . . . . . . . . . . Traps Extracted . | . . . . . . . . . . . . . . . . . . . . . . . . . . . . . . . . . . . . Installed . | . . . . . . . . . . . . . . . . . . . . . . . . . . . . . . . . . . . . Triggered 11 | . . . . . . 2 . . . . . . . . . . . . 1 6 . . . 1 . . . . . . . . . 1 . Machines | -11 -10 -10 -10 -9 -8 -7 -7 -7 -7 -6 -6 -6 -6 -6 -6 -5 -5 -5 -5 -5 -4 -4 -4 -4 -4 -3 -3 -3 -3 -2 -2 -2 -1 -1 -1 ---------- Run | Scr Mat Min Exi Min Mat Fac Low Low Dat Pro Fac Low Low Zio Dee Pro Fac Upp Upp War Pro Fac Upp Upp Zhi Pro Res Arm Lab Res Tes Sec Acc Com Ac0 Machines Disabled 26 | . . . . . 1 1 . . . . . 1 . . . . . . . . . . . . . 2 . 8 1 . 1 5 . 5 1 Max in Single Turn 2 | . . . . . 1 . . . . . . 1 . . . . . . . . . . . . . 2 . 2 1 . 1 1 . 2 1 Garrison Access 4 | . . . . . . 2 . . . . . . . . . . . . . . . . . . . . . . . . 1 . 1 . . Phase Generator 1 | . . . . . . . . . . . . . . . . . . . . . . . . . . . . . . . . . . 1 . Machines Sabotaged . | . . . . . . . . . . . . . . . . . . . . . . . . . . . . . . . . . . . . Garrisons Compromised . | . . . . . . . . . . . . . . . . . . . . . . . . . . . . . . . . . . . . Overloaded Fab Kills 2 | . . . . . . . . . . . . . . . . . . . . . . . . . . . . 2 . . . . . . . Fab Network Shutdowns . | . . . . . . . . . . . . . . . . . . . . . . . . . . . . . . . . . . . . Hacking | -11 -10 -10 -10 -9 -8 -7 -7 -7 -7 -6 -6 -6 -6 -6 -6 -5 -5 -5 -5 -5 -4 -4 -4 -4 -4 -3 -3 -3 -3 -2 -2 -2 -1 -1 -1 --------- Run | Scr Mat Min Exi Min Mat Fac Low Low Dat Pro Fac Low Low Zio Dee Pro Fac Upp Upp War Pro Fac Upp Upp Zhi Pro Res Arm Lab Res Tes Sec Acc Com Ac0 Machines Accessed 90 | . 7 . 2 . 4 13 1 . 3 . 2 . 1 1 . . 1 . . 4 . 4 . . 4 . 5 10 . 3 6 7 6 6 . Terminals 51 | . 5 . . . 2 6 . . . . 2 . . . . . 1 . . . . 4 . . . . 3 4 . 1 5 7 5 6 . Fabricators 9 | . . . . . . 1 . . . . . . . . . . . . . . . . . . . . 2 5 . 1 . . . . . Repair Stations 4 | . 1 . . . . 1 . . . . . . . . . . . . . . . . . . . . . 1 . 1 . . . . . Recycling Units 5 | . 1 . . . 2 2 . . . . . . . . . . . . . . . . . . . . . . . . . . . . . Scanalyzers . | . . . . . . . . . . . . . . . . . . . . . . . . . . . . . . . . . . . . Garrison Access 5 | . . . . . . 3 . . . . . . . . . . . . . . . . . . . . . . . . 1 . 1 . . Total Hacks 347 | . 24 . 2 . 7 40 1 . 24 . 5 . 1 4 . . 3 . . 10 . 17 . . 17 . 21 41 . 11 37 23 32 27 . Successful 198 | . 12 . 2 . 5 12 1 . 24 . . . 1 4 . . 1 . . 10 . 6 . . 17 . 12 30 . 7 19 13 12 10 . Failed 149 | . 12 . . . 2 28 . . . . 5 . . . . . 2 . . . . 11 . . . . 9 11 . 4 18 10 20 17 . Catastrophic 28 | . 1 . . . . 5 . . . . 3 . . . . . 1 . . . . 4 . . . . 1 . . . 1 1 5 6 . Database Lockouts . | . . . . . . . . . . . . . . . . . . . . . . . . . . . . . . . . . . . . Manual 139 | . 12 . 1 . 6 7 . . . . . 1 . . . . 3 . . 1 . 13 . . . . 10 14 1 4 14 11 25 16 . Terminals 216 | . 17 . . . 4 21 . . . . 5 . . . . . 3 . . . . 17 . . . . 12 16 . 7 35 23 29 27 . Fabricators 37 | . . . . . . 3 . . . . . . . . . . . . . . . . . . . . 9 23 . 2 . . . . . Repair Stations 14 | . 6 . . . . 4 . . . . . . . . . . . . . . . . . . . . . 2 . 2 . . . . . Recycling Units 6 | . 1 . . . 3 2 . . . . . . . . . . . . . . . . . . . . . . . . . . . . . Scanalyzers . | . . . . . . . . . . . . . . . . . . . . . . . . . . . . . . . . . . . . Garrison Access 15 | . . . . . . 10 . . . . . . . . . . . . . . . . . . . . . . . . 2 . 3 . . Terminal Hacks 130 | . 6 . 2 . 3 5 1 . 24 . . . 1 4 . . 1 . . 10 . 6 . . 17 . 4 5 . 3 15 9 7 7 . Record 22 | . . . 1 . . . . . 6 . . . . . . . . . . 8 . . . . 5 . . . . . 2 . . . . Part Schematic 26 | . 1 . . . 1 . . . 8 . . . . 4 . . . . . . . 4 . . 4 . 2 1 . . 1 . . . . Robot Schematic 7 | . . . . . . . . . 7 . . . . . . . . . . . . . . . . . . . . . . . . . . Robot Analysis 5 | . 1 . . . . . . . . . . . . . . . . . . . . . . . 4 . . . . . . . . . . Prototype ID Bank 7 | . . . . . . . . . 3 . . . . . . . . . . . . . . . 4 . . . . . . . . . . Open Door 10 | . . . . . . . 1 . . . . . 1 . . . . . . 2 . . . . . . . . . . . 4 . 2 . Level Access Points 3 | . . . . . . . . . . . . . . . . . . . . . . . . . . . . . . 1 1 . . 1 . Branch Access Points 6 | . . . . . 1 1 . . . . . . . . . . 1 . . . . 1 . . . . . . . 1 . . 1 . . Emergency Access Points 1 | . . . . . . . . . . . . . . . . . . . . . . . . . . . . . . . . . . 1 . Machine Index 4 | . . . . . . . . . . . . . . . . . . . . . . . . . . . 1 1 . . 1 1 . . . Terminal Index 2 | . . . . . . 1 . . . . . . . . . . . . . . . . . . . . . . . . . . . 1 . Fabricator Index 2 | . . . . . . . . . . . . . . . . . . . . . . . . . . . 1 . . 1 . . . . . Repair Station Index 1 | . . . . . . . . . . . . . . . . . . . . . . . . . . . . . . . 1 . . . . Garrison Index 1 | . . . . . . . . . . . . . . . . . . . . . . . . . . . . . . . . 1 . . . Alert Level 1 | . 1 . . . . . . . . . . . . . . . . . . . . . . . . . . . . . . . . . . Unreport Threat 10 | . . . . . . 1 . . . . . . . . . . . . . . . . . . . . . 1 . . 2 1 5 . . Locate Traps 1 | . . . . . . . . . . . . . . . . . . . . . . . . . . . . . . . 1 . . . . Disarm Traps 2 | . . . . . 1 . . . . . . . . . . . . . . . . 1 . . . . . . . . . . . . . Dispatch Records 1 | . . . . . . . . . . . . . . . . . . . . . . . . . . . . . . . . . . 1 . Recall Investigation 1 | . . . . . . . . . . . . . . . . . . . . . . . . . . . . 1 . . . . . . . Recall Reinforcements 1 | . . . . . . 1 . . . . . . . . . . . . . . . . . . . . . . . . . . . . . Hauler Manifests 1 | . 1 . . . . . . . . . . . . . . . . . . . . . . . . . . . . . . . . . . Registered Components 1 | . . . . . . . . . . . . . . . . . . . . . . . . . . . . . . . . . 1 . . Registered Prototypes 2 | . 1 . . . . . . . . . . . . . . . . . . . . . . . . . . 1 . . . . . . . Zone Layout 8 | . 1 . . . . 1 . . . . . . . . . . . . . . . . . . . . . . . . 4 2 . . . EX-Prototype ID Bank 1 | . . . 1 . . . . . . . . . . . . . . . . . . . . . . . . . . . . . . . . Protovariant Controls 2 | . . . . . . . . . . . . . . . . . . . . . . . . . . . . . . . 2 . . . . Disengage Seal 1 | . . . . . . . . . . . . . . . . . . . . . . . . . . . . . . . . . . 1 . Fabricator Hacks 20 | . . . . . . 2 . . . . . . . . . . . . . . . . . . . . 5 12 . 1 . . . . . Load Schematic 7 | . . . . . . 1 . . . . . . . . . . . . . . . . . . . . 2 4 . . . . . . . Build 13 | . . . . . . 1 . . . . . . . . . . . . . . . . . . . . 3 8 . 1 . . . . . Repair Station Hacks 10 | . 5 . . . . 1 . . . . . . . . . . . . . . . . . . . . . 2 . 2 . . . . . Scan Component 6 | . 3 . . . . 1 . . . . . . . . . . . . . . . . . . . . . 1 . 1 . . . . . Repair 4 | . 2 . . . . . . . . . . . . . . . . . . . . . . . . . . 1 . 1 . . . . . Recycling Unit Hacks . | . . . . . . . . . . . . . . . . . . . . . . . . . . . . . . . . . . . . Scanalyzer . | . . . . . . . . . . . . . . . . . . . . . . . . . . . . . . . . . . . . Garrison Access Hacks 4 | . . . . . . 2 . . . . . . . . . . . . . . . . . . . . . . . . 1 . 1 . . Seal Access 4 | . . . . . . 2 . . . . . . . . . . . . . . . . . . . . . . . . 1 . 1 . . Unauthorized Hacks 34 | . 1 . . . 2 2 . . . . . . . . . . . . . . . . . . . . 3 11 . 1 3 4 4 3 . Terminals 21 | . . . . . . 1 . . . . . . . . . . . . . . . . . . . . 1 5 . . 3 4 4 3 . Track 3 | . . . . . . . . . . . . . . . . . . . . . . . . . . . . 2 . . 1 . . . . Assimilate 5 | . . . . . . 1 . . . . . . . . . . . . . . . . . . . . . . . . . 1 2 1 . Botnet 10 | . . . . . . . . . . . . . . . . . . . . . . . . . . . 1 3 . . 1 2 1 2 . Disrupt 1 | . . . . . . . . . . . . . . . . . . . . . . . . . . . . . . . . . 1 . . Operators 2 | . . . . . . . . . . . . . . . . . . . . . . . . . . . . . . . 1 1 . . . Fabricators 9 | . . . . . . . . . . . . . . . . . . . . . . . . . . . 2 6 . 1 . . . . . Prioritize 5 | . . . . . . . . . . . . . . . . . . . . . . . . . . . 1 3 . 1 . . . . . Siphon 3 | . . . . . . . . . . . . . . . . . . . . . . . . . . . 1 2 . . . . . . . Overload 1 | . . . . . . . . . . . . . . . . . . . . . . . . . . . . 1 . . . . . . . Repair Stations . | . . . . . . . . . . . . . . . . . . . . . . . . . . . . . . . . . . . . Recycling Units 4 | . 1 . . . 2 1 . . . . . . . . . . . . . . . . . . . . . . . . . . . . . Tunnel 4 | . 1 . . . 2 1 . . . . . . . . . . . . . . . . . . . . . . . . . . . . . Scanalyzers . | . . . . . . . . . . . . . . . . . . . . . . . . . . . . . . . . . . . . Garrison Access . | . . . . . . . . . . . . . . . . . . . . . . . . . . . . . . . . . . . . Data Cores Recovered 2 | . . . . . . . . . . . . . . . . . . . . . . . . . . . 1 1 . . . . . . . Used 1 | . . . . . . . . . . . . . . . . . . . . . . . . . . . 1 . . . . . . . . Hacking Detections 60 | . 6 . . . 3 12 . . . . 2 . . . . . 1 . . . . 4 . . . . 4 9 . 1 5 3 6 4 . Full Trace Events 16 | . 2 . . . . 5 . . . . 1 . . . . . 1 . . . . 1 . . . . 2 1 . 1 1 . 1 . . Feedback Events 2 | . . . . . . 2 . . . . . . . . . . . . . . . . . . . . . . . . . . . . . Corruption 2 | . . . . . . 2 . . . . . . . . . . . . . . . . . . . . . . . . . . . . . Feedback Blocked 1 | . . . . . . . . . . . . . . . . . . . . . . . . . . . . 1 . . . . . . . Robot Schematics Acquired 7 | . . . . . . . . . 7 . . . . . . . . . . . . . . . . . . . . . . . . . . Robots Built 4 | . . . . . . . . . . . . . . . . . . . . . . . . . . . . . . 4 . . . . . Matter 384 | . . . . . . . . . . . . . . . . . . . . . . . . . . . . . . 384 . . . . . Time 102 | . . . . . . . . . . . . . . . . . . . . . . . . . . . . . . 102 . . . . . Total Robot Build Rating 32 | . . . . . . . . . . . . . . . . . . . . . . . . . . . . . . 32 . . . . . Part Schematics Acquired 26 | . 1 . . . 1 . . . 8 . . . . 4 . . . . . . . 4 . . 4 . 2 1 . . 1 . . . . Parts Built 13 | . . . . . . 2 . . . . . . . . . . . . . . . . . . . . 2 9 . . . . . . . Matter 2988 | . . . . . . 146 . . . . . . . . . . . . . . . . . . . . 783 2059 . . . . . . . Time 699 | . . . . . . 36 . . . . . . . . . . . . . . . . . . . . 252 411 . . . . . . . Total Part Build Rating 69 | . . . . . . 6 . . . . . . . . . . . . . . . . . . . . 10 53 . . . . . . . Parts Repaired 4 | . 2 . . . . . . . . . . . . . . . . . . . . . . . . . . 1 . 1 . . . . . Time 186 | . 52 . . . . . . . . . . . . . . . . . . . . . . . . . . 26 . 108 . . . . . Parts Recycled . | . . . . . . . . . . . . . . . . . . . . . . . . . . . . . . . . . . . . Recycled Matter . | . . . . . . . . . . . . . . . . . . . . . . . . . . . . . . . . . . . . Retrieved Matter . | . . . . . . . . . . . . . . . . . . . . . . . . . . . . . . . . . . . . Retrieved Components . | . . . . . . . . . . . . . . . . . . . . . . . . . . . . . . . . . . . . Parts Scanalyzed . | . . . . . . . . . . . . . . . . . . . . . . . . . . . . . . . . . . . . Part Schematics Acquired . | . . . . . . . . . . . . . . . . . . . . . . . . . . . . . . . . . . . . Parts Damaged . | . . . . . . . . . . . . . . . . . . . . . . . . . . . . . . . . . . . . Bothacking | -11 -10 -10 -10 -9 -8 -7 -7 -7 -7 -6 -6 -6 -6 -6 -6 -5 -5 -5 -5 -5 -4 -4 -4 -4 -4 -3 -3 -3 -3 -2 -2 -2 -1 -1 -1 ------------ Run | Scr Mat Min Exi Min Mat Fac Low Low Dat Pro Fac Low Low Zio Dee Pro Fac Upp Upp War Pro Fac Upp Upp Zhi Pro Res Arm Lab Res Tes Sec Acc Com Ac0 Used RIF Installer . | . . . . . . . . . . . . . . . . . . . . . . . . . . . . . . . . . . . . Robots Hacked . | . . . . . . . . . . . . . . . . . . . . . . . . . . . . . . . . . . . . Non-combat . | . . . . . . . . . . . . . . . . . . . . . . . . . . . . . . . . . . . . Combat . | . . . . . . . . . . . . . . . . . . . . . . . . . . . . . . . . . . . . Robot Hacks Applied . | . . . . . . . . . . . . . . . . . . . . . . . . . . . . . . . . . . . . Relay Couplers Released . | . . . . . . . . . . . . . . . . . . . . . . . . . . . . . . . . . . . . Robots Rewired . | . . . . . . . . . . . . . . . . . . . . . . . . . . . . . . . . . . . . Allies Hacked . | . . . . . . . . . . . . . . . . . . . . . . . . . . . . . . . . . . . . Hacks Repelled . | . . . . . . . . . . . . . . . . . . . . . . . . . . . . . . . . . . . . Allies | -11 -10 -10 -10 -9 -8 -7 -7 -7 -7 -6 -6 -6 -6 -6 -6 -5 -5 -5 -5 -5 -4 -4 -4 -4 -4 -3 -3 -3 -3 -2 -2 -2 -1 -1 -1 -------- Run | Scr Mat Min Exi Min Mat Fac Low Low Dat Pro Fac Low Low Zio Dee Pro Fac Upp Upp War Pro Fac Upp Upp Zhi Pro Res Arm Lab Res Tes Sec Acc Com Ac0 Total Allies 28 | . . 3 . . . 1 . . . 1 . . . . . . . . . . . . . . . . . . 7 4 . 1 2 1 8 Largest Group 8 | . . 3 3 3 3 1 . . . 1 . . . . . . . . . . . . . . . . . . 7 7 4 1 2 1 8 Highest-Rated Group 120 | . . 40 40 40 40 26 . . . 95 . . . . . . . . . . . . . . . . . . 97 120 120 26 85 45 109 Highest-Rated Ally 95 | . . 16 16 16 16 26 . . . 95 . . . . . . . . . . . . . . . . . . 15 30 30 26 45 45 15 Total Orders 1 | . . . . . . . . . . . . . . . . . . . . . . . . . . . . . . . 1 . . . . STAY 1 | . . . . . . . . . . . . . . . . . . . . . . . . . . . . . . . 1 . . . . Ally Attacks 158 | . . . . . 31 26 . 6 . . . . . . . . . . . . . . . . . . . . . 56 9 . . . 30 Total Damage 4408 | . . . . . 1011 1533 . 324 . . . . . . . . . . . . . . . . . . . . . 900 165 . . . 475 Kills 24 | . . . . . 7 10 . 1 . . . . . . . . . . . . . . . . . . . . . 3 1 . . . 2 Allies Corrupted . | . . . . . . . . . . . . . . . . . . . . . . . . . . . . . . . . . . . . Allies Melted 2 | . . . . . 1 . . . . . . . 1 . . . . . . . . . . . . . . . . . . . . . . Turrets Deployed 3 | . . . . . 1 1 . 1 . . . . . . . . . . . . . . . . . . . . . . . . . . . Intel | -11 -10 -10 -10 -9 -8 -7 -7 -7 -7 -6 -6 -6 -6 -6 -6 -5 -5 -5 -5 -5 -4 -4 -4 -4 -4 -3 -3 -3 -3 -2 -2 -2 -1 -1 -1 ------- Run | Scr Mat Min Exi Min Mat Fac Low Low Dat Pro Fac Low Low Zio Dee Pro Fac Upp Upp War Pro Fac Upp Upp Zhi Pro Res Arm Lab Res Tes Sec Acc Com Ac0 Robot Analysis Total 5 | . 1 . . . . . . . . . . . . . . . . . . . . . . . 4 . . . . . . . . . . Derelict Logs Recovered 18 | . . . . . . . . 2 . 2 . 1 3 2 . 2 . 1 1 . 1 . 2 1 . . . . . . . . . . . Drone Launches . | . . . . . . . . . . . . . . . . . . . . . . . . . . . . . . . . . . . . Drone Recoveries . | . . . . . . . . . . . . . . . . . . . . . . . . . . . . . . . . . . . . Exploration | -11 -10 -10 -10 -9 -8 -7 -7 -7 -7 -6 -6 -6 -6 -6 -6 -5 -5 -5 -5 -5 -4 -4 -4 -4 -4 -3 -3 -3 -3 -2 -2 -2 -1 -1 -1 ------------- Run | Scr Mat Min Exi Min Mat Fac Low Low Dat Pro Fac Low Low Zio Dee Pro Fac Upp Upp War Pro Fac Upp Upp Zhi Pro Res Arm Lab Res Tes Sec Acc Com Ac0 Turns Passed 23837 | 89 911 372 666 181 1016 1129 202 248 27 149 50 110 200 317 117 108 278 272 677 444 218 105 101 78 89 104 259 354 301 193 169 264 207 13525 307 Spaces Moved 18480 | 47 384 231 411 111 460 1431 326 308 86 197 136 290 316 730 286 278 304 227 341 544 543 210 301 201 223 349 629 790 221 478 690 629 426 4746 600 Core 384 | 8 . . . . 1 . . . . . . . . . . . . . . 46 . . . . . . . . . . . . . 329 . Treads 1982 | 39 384 231 411 111 452 . . . . . . . . . . . 11 . 284 58 . . . . . . . . . . . . . 1 . Legs 4083 | . . . . . . . . . . . . . . . . . . . . . . . . . . . . . . . . . . 3901 182 Wheels . | . . . . . . . . . . . . . . . . . . . . . . . . . . . . . . . . . . . . Hover 1 | . . . . . . . . . . . . . . . . . . . . 1 . . . . . . . . . . . . . . . Flight 11612 | . . . . . 7 1431 326 308 86 197 136 290 316 730 286 278 293 227 57 439 543 210 301 201 223 349 629 790 221 478 690 629 426 515 . Fastest Speed 15 | 50 160 160 160 160 104 29 31 31 31 31 31 31 31 31 31 31 37 120 120 35 29 29 29 29 20 20 18 18 17 19 15 15 22 17 120 Average Speed 104 | 141 160 160 160 160 159 46 31 31 31 31 31 31 31 31 31 35 81 120 160 73 34 31 31 30 23 20 20 19 46 19 17 19 25 243 120 Slowest Speed 2650 | 160 160 160 160 160 550 107 31 31 31 31 31 31 31 31 31 37 190 120 260 260 35 32 32 95 29 20 88 85 700 87 19 87 26 2650 120 Overloaded Moves 374 | . . . . . . . . . . . . . . . . . . . . . . . . . . . . . . . . 290 76 8 . Propulsion Burnouts 1 | . . . . . . . . . . . . . . . . . . . . . . . . . . . . . . . . 1 . . . Robots Hopped 82 | . . . . . . 9 1 1 . . . 2 1 . . 6 . 2 . . 1 1 . . . 2 6 9 . 1 18 10 6 6 . Cave-ins Triggered . | . . . . . . . . . . . . . . . . . . . . . . . . . . . . . . . . . . . . Teleports 3 | . . . . . . . . . . . . . . . . . . . . . . . . . . . . 1 . . . . . 1 1 Microwarps 51 | . . . . . . . . . . . . . . . . . . . . . . . . . . . . . . . . . . . 51 Exploration Rate (%) 48 | 3 62 36 66 38 32 37 56 62 78 51 5 50 54 79 64 53 11 38 47 77 72 11 62 44 61 63 14 37 99 14 79 56 17 91 35 Regions Visited 35 Branch Regions 26 Pre-discovered Areas 15 | . 1 1 1 . 2 1 . 1 1 . . . . 3 . . . . . . . . 1 . 3 . . . . . . . . . . Known Exits Taken 25 | . . . . . . 1 1 1 1 1 1 1 1 1 1 1 1 1 1 1 1 1 1 1 1 1 1 . . 1 . 1 1 . . Unknown Exits Taken 10 | 1 1 1 1 1 1 . . . . . . . . . . . . . . . . . . . . . . 1 1 . 1 . . 1 . Scrap Searched 27 | . . 1 . . . . 2 1 . 1 . 8 . 3 . . . 1 5 . 2 . 1 . . 2 . . . . . . . . . Spaces Dug 41 | . . . . . . 4 1 . . 1 2 1 . . . . . . . . 1 3 . . . 6 3 4 . 1 . 6 4 1 3 Terrain Destroyed 398 | . . . . . 43 4 1 . . 1 2 11 . . . . . . 1 . 1 3 . 24 . 164 19 5 . 1 . 6 17 91 4 Melee 30 | . . . . . . 4 1 . . 1 2 1 . . . . . . . . . 1 . . . 6 3 4 . 1 . 6 . . . Projectile 34 | . . . . . . . . . . . . . . . . . . . 1 . 1 2 . . . . 2 1 . . . . 8 15 4 AOE 334 | . . . . . 43 . . . . . . 10 . . . . . . . . . . . 24 . 158 14 . . . . . 9 76 . Terrain Rammed . | . . . . . . . . . . . . . . . . . . . . . . . . . . . . . . . . . . . . Walls Destroyed . | . . . . . . . . . . . . . . . . . . . . . . . . . . . . . . . . . . . . Machines Disabled . | . . . . . . . . . . . . . . . . . . . . . . . . . . . . . . . . . . . . Actions | -11 -10 -10 -10 -9 -8 -7 -7 -7 -7 -6 -6 -6 -6 -6 -6 -5 -5 -5 -5 -5 -4 -4 -4 -4 -4 -3 -3 -3 -3 -2 -2 -2 -1 -1 -1 --------- Run | Scr Mat Min Exi Min Mat Fac Low Low Dat Pro Fac Low Low Zio Dee Pro Fac Upp Upp War Pro Fac Upp Upp Zhi Pro Res Arm Lab Res Tes Sec Acc Com Ac0 Total 22261 | 61 576 234 420 115 659 1858 419 460 85 282 139 301 418 801 307 281 331 224 420 589 571 243 304 212 250 364 729 921 375 566 721 712 502 6554 257 Wait 2886 | . 90 4 . 5 94 390 89 144 . 85 . . 97 59 17 8 . . . 16 11 . . 3 . . 75 56 76 52 27 33 55 1400 . Move 17924 | 46 383 230 410 110 459 1412 323 305 85 196 135 285 313 729 285 266 303 222 340 543 540 207 300 200 222 344 617 772 220 475 657 610 413 4735 232 Hop 71 | . . . . . . 9 1 1 . . . 2 1 . . 5 . 2 . . 1 1 . . . 2 5 8 . 1 14 8 6 4 . Pick Up 130 | 5 9 . 6 . 7 7 . 4 . . . 2 3 1 . . 2 . 4 10 4 5 1 . 5 2 3 7 11 4 . 6 . 22 . Fast Attach 278 | 7 3 . . . 11 3 1 1 . . . 2 1 . 1 . 12 . 15 5 2 8 1 . 8 . 5 16 8 5 10 8 2 134 9 Attach 96 | . 1 . . . 7 3 . 1 . . 2 1 . . . 2 4 . 2 4 4 6 . 2 2 1 2 4 16 4 1 5 4 12 6 Detach 53 | . 1 . . . . 1 . . . . . 1 . . . . 3 . 1 1 6 6 . 2 . . 1 1 9 1 2 3 3 9 2 Swap 73 | . 8 . 2 . 9 6 . . . . . 2 . 3 . . . . 2 1 1 1 1 . . . 1 8 6 2 . 2 2 15 1 Drop 280 | . 14 . 2 . 23 9 1 4 . . . 2 3 . 1 . 5 . 7 9 . 5 1 . 8 2 5 8 3 13 9 6 1 139 . Fire 313 | 3 67 . . . 48 1 . . . . . 2 . 8 3 . 2 . 49 . 2 2 . 5 . 7 4 6 1 5 . 2 16 73 7 Melee 134 | . . . . . . 13 4 . . 1 2 2 . 1 . . . . . . . 2 . . 5 6 11 28 25 4 1 29 . . . Ram 4 | . . . . . . 4 . . . . . . . . . . . . . . . . . . . . . . . . . . . . . Kick . | . . . . . . . . . . . . . . . . . . . . . . . . . . . . . . . . . . . . Crush 1 | . . . . . 1 . . . . . . . . . . . . . . . . . . . . . . . . . . . . . . Escape Stasis 15 | . . . . . . . . . . . . . . . . . . . . . . . . . . . . 7 . . . . . 8 . Rewire 3 | . . . . . . . . . . . . . . . . . . . . . . . . . . . . . . . . . . 3 . Trap . | . . . . . . . . . . . . . . . . . . . . . . . . . . . . . . . . . . . . Miscellaneous . | . . . . . . . . . . . . . . . . . . . . . . . . . . . . . . . . . . . . Route ------- -11/Scrapyard -10/Materials (discovered 3 exits: [*Mat] / [*Min x2]) -10/Mines -10/Exiles (discovered 2 exits: [*Min x2]) -9/Mines -8/Materials (discovered 2 exits: *Fac / Sto) -7/Factory (discovered 3 exits: *Fac / *Low x2) -7/Lower Caves -7/Lower Caves (discovered 2 exits: *Fac / *Dat) -7/Data Miner -6/Proximity Caves -6/Factory (discovered 2 exits: Fac / *Low) -6/Lower Caves -6/Lower Caves (discovered 2 exits: *Fac / *Zio) -6/Zion (discovered 2 exits: *Dee / [*Pro]) -6/Deep Caves -5/Proximity Caves -5/Factory (discovered 2 exits: *Upp x2) -5/Upper Caves -5/Upper Caves (discovered 2 exits: *Fac / *War) -5/Warlord -4/Proximity Caves -4/Factory (discovered 6 exits: Res x2 / *Upp x2 / Ext x2) -4/Upper Caves -4/Upper Caves -4/Zhirov -3/Proximity Caves -3/Research (discovered 2 exits: *Arm / Qua) -3/Armory -3/Lab -2/Research (discovered 5 exits: Acc x3 / *Tes x2) -2/Testing (discovered 2 exits: *Acc / *Sec) -2/Section 7 -1/Access -1/Command (discovered 3 exits: Sur x2 / [*Ac0]) -1/Access_0 To Fleet Rendezvous History --------- Turn | Location | Event 8 | -11/Scrapyard | Discovered new exit (range 16) 90 | -11/Scrapyard | Entered Materials 268 | -10/Materials | Repaired Lgt. Armor Plating 296 | -10/Materials | Repaired Lgt. Treads 325 | -10/Materials | Build established: Mutant 668 | -10/Materials | Discovered new exit (range 6) 886 | -10/Materials | Discovered new exit (range 5) 987 | -10/Materials | Discovered new exit (range 10) 1001 | -10/Materials | Entered Mines 1155 | -10/Mines | Deemed a non-threat by the Exiles lab entrance 1155 | -10/Mines | Discovered new exit (range 5) 1265 | -10/Mines | Assisted by bots powering up and referring to "LRC-V3" 1373 | -10/Mines | Entered Exiles 1373 | -10/Exiles | Accompanied by 3 allies 1399 | -10/Exiles | Discovered new exit (range 15) 1417 | -10/Exiles | Met 8R-AWN 1439 | -10/Exiles | Met EX-HEX 1545 | -10/Exiles | Met EX-BIN 1562 | -10/Exiles | Met EX-DEC 1572 | -10/Exiles | Learned location of Zion (-6) 1779 | -10/Exiles | Aligned with FarCom system 1781 | -10/Exiles | Given EX-Vault access code 1822 | -10/Exiles | Opened EX-Vault 1834 | -10/Exiles | Found Lightpack 2.0 1836 | -10/Exiles | Found Trap Reconfigurator 1842 | -10/Exiles | Found Deploy-a-Sentry 1845 | -10/Exiles | Found Deploy-a-Sentry 1849 | -10/Exiles | Found Deploy-a-Sentry 1882 | -10/Exiles | Warned to stay clear of 0b10 Research branches 1986 | -10/Exiles | Discovered new exit (range 11) 2039 | -10/Exiles | Stole three prototypes: Lightpack 2.0, Trap Reconfigurator, Deploy-a-Sentry 2039 | -10/Exiles | Entered Mines 2039 | -9/Mines | Accompanied by 3 allies 2203 | -9/Mines | Discovered new exit (range 11) 2220 | -9/Mines | Entered Materials 2220 | -8/Materials | Accompanied by 3 allies 2220 | -8/Materials | Evolved 4 slots: Propulsion x1, Utility x3 2343 | -8/Materials | DAS Turret deployed 2814 | -8/Materials | Identified exit to Storage 3040 | -8/Materials | Garrison activated, responded to threat 3067 | -8/Materials | Destroyed 7 combat bots 3197 | -8/Materials | Discovered new exit (range 10) 3236 | -8/Materials | Entered Factory 3236 | -7/Factory | Evolved 2 slots: Propulsion x1, Utility x1 3238 | -7/Factory | FarCom data flow suspended 3480 | -7/Factory | Build established: Hacker-Mutant 3505 | -7/Factory | DAS Turret deployed 3928 | -7/Factory | Build established: Hacker-Sprinter 4215 | -7/Factory | Fabricated Imp. Signal Interpreter (x2) 4281 | -7/Factory | Discovered new exit (range 5) 4282 | -7/Factory | Identified exit to Factory 4352 | -7/Factory | Identified exit to Lower Caves 4356 | -7/Factory | Cargo convoy interrupted 4365 | -7/Factory | Entered Lower Caves 4493 | -7/Lower Caves | Encountered a Warlord checkpoint 4526 | -7/Lower Caves | Build established: Scout 4562 | -7/Lower Caves | Discovered new exit (range 17) 4567 | -7/Lower Caves | Identified exit to Lower Caves 4567 | -7/Lower Caves | Entered another Lower Caves area 4567 | -7/Lower Caves | Spotted SB-OKG(f) 4567 | -7/Lower Caves | Spotted CC-42A(f) 4568 | -7/Lower Caves | Encountered a Master Thief 4568 | -7/Lower Caves | Encountered a Master Thief 4568 | -7/Lower Caves | Trap Reconfigurator stolen by Master Thief 4570 | -7/Lower Caves | DAS Turret deployed 4579 | -7/Lower Caves | Allies destroyed CC-42A(f) 4679 | -7/Lower Caves | Discovered exit to Factory (range 14) 4712 | -7/Lower Caves | Learned Factory emergency access door positions 4725 | -7/Lower Caves | Encountered a Warlord checkpoint 4812 | -7/Lower Caves | Discovered new exit (range 8) 4814 | -7/Lower Caves | Identified exit to Data Miner 4815 | -7/Lower Caves | Entered Data Miner 4815 | -7/Data Miner | Discovered new exit (range 6) 4820 | -7/Data Miner | Met Data Miner 4830 | -7/Data Miner | Learned location of Section 7 (-2) 4830 | -7/Data Miner | Acquired the access code to Warlord's prototype stash 4835 | -7/Data Miner | Received God Mode back door access code from Data Miner 4842 | -7/Data Miner | Identified exit to Proximity Caves 4842 | -7/Data Miner | Entered Proximity Caves 4846 | -6/Proximity Caves | Spotted B-75 Beast 4863 | -6/Proximity Caves | Escorted by Enhanced Grunt 4876 | -6/Proximity Caves | Learned 8 Factory zone layouts 4881 | -6/Proximity Caves | Learned 8 Factory zone layouts 4989 | -6/Proximity Caves | Discovered exit to Factory (range 8) 4990 | -6/Proximity Caves | Attracted the attention of an 0b10 checkpoint 4991 | -6/Proximity Caves | Entered Factory 4991 | -6/Factory | Evolved 2 slots: Utility x2 4992 | -6/Factory | Identified exit to Factory 5037 | -6/Factory | Discovered new exit (range 6) 5041 | -6/Factory | Identified exit to Lower Caves 5041 | -6/Factory | Entered Lower Caves 5056 | -6/Lower Caves | Attracted the attention of an 0b10 outpost 5082 | -6/Lower Caves | Found Alien Artifact 5082 | -6/Lower Caves | Identified Core Expander 5082 | -6/Lower Caves | Installed Core Expander, added new Weapon slot 5101 | -6/Lower Caves | Learned 4 Factory zone layouts 5111 | -6/Lower Caves | Acquired the password to a Derelict Tinkerer's latest research 5115 | -6/Lower Caves | Found Prototype Special Weapon 5129 | -6/Lower Caves | Identified Molecular Deconstructor 5147 | -6/Lower Caves | Discovered new exit (range 14) 5151 | -6/Lower Caves | Identified exit to Lower Caves 5151 | -6/Lower Caves | Entered another Lower Caves area 5153 | -6/Lower Caves | Learned Factory emergency access door positions 5160 | -6/Lower Caves | Learned Factory terminal intel 5160 | -6/Lower Caves | Discovered exit to Factory (range 19) 5163 | -6/Lower Caves | Identified exit to Zion 5351 | -6/Lower Caves | Entered Zion 5362 | -6/Zion | Learned Factory non-interactive machine intel 5371 | -6/Zion | Discovered new exit (range 13) 5392 | -6/Zion | Learned location of Extension (-4) 5398 | -6/Zion | Learned location of Armory (-3) 5399 | -6/Zion | Given the Hacking Drone Bay 5424 | -6/Zion | Build established: Derelict-Scout 5457 | -6/Zion | Learned location of Warlord (-5) 5514 | -6/Zion | Received a visual enhancement algorithm 5555 | -6/Zion | Visited the Megawrench Repair Shop 5557 | -6/Zion | Megawrench repaired 11 parts 5665 | -6/Zion | Discovered new exit (range 4) 5667 | -6/Zion | Saw the warning signs outside the Deep Caves entrance 5668 | -6/Zion | Identified exit to Deep Caves 5668 | -6/Zion | Entered Deep Caves 5705 | -6/Deep Caves | Z-Facility disabled 5728 | -6/Deep Caves | Attacked by Z-Imprinter 5757 | -6/Deep Caves | Discovered new exit (range 7) 5760 | -6/Deep Caves | Identified exit to Proximity Caves 5785 | -6/Deep Caves | Entered Proximity Caves 5816 | -5/Proximity Caves | Lost 4 parts (1p2u1w) 5835 | -5/Proximity Caves | Learned Factory stockpile data 5841 | -5/Proximity Caves | Spotted B-75 Beast 5843 | -5/Proximity Caves | Learned Factory terminal intel 5856 | -5/Proximity Caves | Lost 4 parts (2n1u1w) 5885 | -5/Proximity Caves | Core integrity fell below 50% 5891 | -5/Proximity Caves | Discovered exit to Factory (range 6) 5893 | -5/Proximity Caves | Entered Factory 5893 | -5/Factory | Evolved 2 slots: Propulsion x1, Utility x1 5897 | -5/Factory | Loaded intel: 257 non-interactive machine locations 5898 | -5/Factory | Loaded intel: 20 terminal locations 5950 | -5/Factory | Lost 3 parts (1n2u) 6147 | -5/Factory | Identified exit to Upper Caves 6171 | -5/Factory | Entered Upper Caves 6191 | -5/Upper Caves | Build established: Hacker-Mutant 6323 | -5/Upper Caves | Attracted the attention of an 0b10 checkpoint 6372 | -5/Upper Caves | Learned 8 Factory zone layouts 6428 | -5/Upper Caves | Discovered new exit (range 12) 6440 | -5/Upper Caves | Identified exit to Upper Caves 6443 | -5/Upper Caves | Entered another Upper Caves area 6496 | -5/Upper Caves | Discovered new exit (range 7) 6502 | -5/Upper Caves | Identified exit to Factory 6629 | -5/Upper Caves | Lost 10 parts (1p3n5u1w) 7045 | -5/Upper Caves | Build established: Derelict-Mutant 7046 | -5/Upper Caves | Spotted K0-YC8(f) 7048 | -5/Upper Caves | Encountered a Master Thief 7048 | -5/Upper Caves | Spotted P0-PTG(f) 7049 | -5/Upper Caves | Encountered a Master Thief 7049 | -5/Upper Caves | Spotted YV-AFI(f) 7049 | -5/Upper Caves | Spotted U2-8WF(f) 7050 | -5/Upper Caves | Encountered a Master Thief 7050 | -5/Upper Caves | Encountered a Master Thief 7052 | -5/Upper Caves | Arm. Medium Treads stolen by Master Thief 7052 | -5/Upper Caves | Arm. Medium Treads stolen by Master Thief 7054 | -5/Upper Caves | Arm. Medium Treads stolen by Master Thief 7056 | -5/Upper Caves | Neutrino Core stolen by Master Thief 7087 | -5/Upper Caves | Discovered new exit (range 7) 7098 | -5/Upper Caves | Learned Factory terminal intel 7118 | -5/Upper Caves | Identified exit to Warlord 7120 | -5/Upper Caves | Entered Warlord 7209 | -5/Warlord | System corruption cleaned by Quarantine Array 7338 | -5/Warlord | Met Warlord 7347 | -5/Warlord | Opened Warlord's prototype stash 7363 | -5/Warlord | Warlord's base attacked by MAIN.C 7368 | -5/Warlord | Found Prototype Hackware 7372 | -5/Warlord | Found Prototype Processor 7375 | -5/Warlord | Found Prototype Device 7391 | -5/Warlord | Found Prototype Reactor 7465 | -5/Warlord | Found Prototype Energy Cannon 7465 | -5/Warlord | Identified Vortex Cannon 7467 | -5/Warlord | Found Vortex Cannon 7503 | -5/Warlord | Identified Thermal Barrier 7504 | -5/Warlord | Identified Exp. Armor Integrity Analyzer 7543 | -5/Warlord | Opened side exit 7562 | -5/Warlord | Discovered new exit (range 8) 7563 | -5/Warlord | Build established: Mutant 7564 | -5/Warlord | Identified exit to Proximity Caves 7564 | -5/Warlord | Entered Proximity Caves 7654 | -4/Proximity Caves | Spotted B-86 Titan 7774 | -4/Proximity Caves | Discovered exit to Factory (range 13) 7782 | -4/Proximity Caves | Entered Factory 7782 | -4/Factory | Evolved 2 slots: Propulsion x1, Utility x1 7783 | -4/Factory | Identified exit to Research 7784 | -4/Factory | Loaded intel: 21 terminal locations 7810 | -4/Factory | Found Prototype Slashing Weapon 7810 | -4/Factory | Identified Molecular Scythe 7812 | -4/Factory | Found Molecular Scythe 7827 | -4/Factory | Spotted B-86 Titan 7831 | -4/Factory | Identified Ghost Barrier 7832 | -4/Factory | Identified exit to Upper Caves 7832 | -4/Factory | Identified exit to Extension 7840 | -4/Factory | Lost 3 parts (2n1u) 7856 | -4/Factory | Incoming investigation squad redirected 7887 | -4/Factory | Entered Upper Caves 7889 | -4/Upper Caves | Attracted the attention of an 0b10 checkpoint 7968 | -4/Upper Caves | Spotted B-86 Titan 7981 | -4/Upper Caves | Discovered new exit (range 10) 7988 | -4/Upper Caves | Identified exit to Upper Caves 7988 | -4/Upper Caves | Entered another Upper Caves area 8003 | -4/Upper Caves | Learned Research trap positions 8053 | -4/Upper Caves | Discovered new exit (range 21) 8056 | -4/Upper Caves | Spotted C7-4XM(f) 8056 | -4/Upper Caves | Spotted JI-LTG(f) 8057 | -4/Upper Caves | Spotted RE-AGD(f) 8058 | -4/Upper Caves | Encountered a Master Thief 8058 | -4/Upper Caves | Encountered a Master Thief 8058 | -4/Upper Caves | Encountered a Master Thief 8065 | -4/Upper Caves | Identified exit to Zhirov 8066 | -4/Upper Caves | Entered Zhirov 8066 | -4/Zhirov | Discovered new exit (range 4) 8072 | -4/Zhirov | Met Zhirov 8078 | -4/Zhirov | Build established: Hacker-Sprinter 8078 | -4/Zhirov | Learned location of Quarantine (-3) 8078 | -4/Zhirov | Learned location of Command (-1) 8080 | -4/Zhirov | Zhirov requested help retrieving the SGEMP Prototype 8085 | -4/Zhirov | Found Alien Artifact 8085 | -4/Zhirov | Identified Integrated Reactor 8085 | -4/Zhirov | Installed Integrated Reactor, increased core energy generation (+10) 8092 | -4/Zhirov | Found Alien Artifact 8155 | -4/Zhirov | Identified exit to Proximity Caves 8155 | -4/Zhirov | Entered Proximity Caves 8165 | -3/Proximity Caves | Spotted B-86 Titan 8237 | -3/Proximity Caves | Attracted the attention of an 0b10 outpost 8259 | -3/Proximity Caves | Discovered exit to Research (range 5) 8259 | -3/Proximity Caves | Entered Research 8259 | -3/Research | Evolved 2 slots: Propulsion x1, Weapon x1 8260 | -3/Research | Identified exit to Armory 8260 | -3/Research | Identified exit to Quarantine 8261 | -3/Research | Loaded intel: 72 trap records 8336 | -3/Research | Spotted B-86 Titan 8358 | -3/Research | Incoming investigation squad redirected 8483 | -3/Research | Fabricated Exp. Utility Shielding (x1) 8495 | -3/Research | Found Prototype Processor 8495 | -3/Research | Identified Spectral Analyzer 8505 | -3/Research | Fabricated Biomechanical Wings (x1) 8518 | -3/Research | Entered Armory 8597 | -3/Armory | Found Gamma Bomb Array 8598 | -3/Armory | Found Gamma Bomb Array 8616 | -3/Armory | Spotted B-86 Titan 8654 | -3/Armory | Fabricated Biomechanical Wings? 8664 | -3/Armory | Fabricated Cmb. Linear Gravjet? 8676 | -3/Armory | Fabricated Biomechanical Wings? 8676 | -3/Armory | Lost 4 parts (1p1n1u1w) 8723 | -3/Armory | Fabricated Biomechanical Wings (x1) 8744 | -3/Armory | Fabricated Biomechanical Wings? 8765 | -3/Armory | Repaired Exp. Utility Shielding? 8802 | -3/Armory | Fabricated Exp. Propulsion Shielding? 8844 | -3/Armory | Fabricated Exp. Propulsion Shielding? 8862 | -3/Armory | Fabricated Biomechanical Wings (x1) 8868 | -3/Armory | Identified Transdimensional Reconstructor 8868 | -3/Armory | Warped through subspace to slip node 8868 | -3/Armory | Discovered new exit (range 1) 8872 | -3/Armory | Entered Lab 8872 | -3/Lab | Discovered new exit (range 9) 8876 | -3/Lab | Unable to decrypt terminal 8876 | -3/Lab | Opened the door to a hidden lab 8877 | -3/Lab | Gained access to the hidden lab's interior 8886 | -3/Lab | Lost 3 parts (1n1u1w) 8948 | -3/Lab | Detected by scanners 8954 | -3/Lab | Confronted by A5 8963 | -3/Lab | System corruption reached 10% 8977 | -3/Lab | Core integrity fell below 50% 9026 | -3/Lab | Lost 3 parts (1p1n1u) 9059 | -3/Lab | Core integrity fell below 20% 9059 | -3/Lab | Destroyed A5 9065 | -3/Lab | Found Prototype Hackware 9067 | -3/Lab | Found Prototype Hackware 9079 | -3/Lab | Found Alien Artifact 9079 | -3/Lab | Identified Core Reset Matrix 9079 | -3/Lab | Used Core Reset Matrix 9083 | -3/Lab | Emitted hypermatrix ping 9083 | -3/Lab | Sensed 3 artifacts in vicinity 9083 | -3/Lab | Lost 5 parts (1n4u) 9084 | -3/Lab | Found Integrated Mediator 9084 | -3/Lab | Installed Integrated Mediator, increased core attachment efficiency. 9088 | -3/Lab | Assembled emerged from beneath the floor 9092 | -3/Lab | Found Prototype Special Weapon 9092 | -3/Lab | Identified Gui. Remote Datajack 9097 | -3/Lab | Found Prototype Energy Gun 9097 | -3/Lab | Identified Hyp. EM Gauss Rifle 9099 | -3/Lab | Found Prototype Energy Gun 9099 | -3/Lab | Identified Tachyon Dispersion Ray 9101 | -3/Lab | Found Prototype Protection 9101 | -3/Lab | Identified Exp. Powered Armor 9103 | -3/Lab | Found Prototype Hackware 9103 | -3/Lab | Identified Quantum Router 9117 | -3/Lab | Found Transdimensional Reconstructor 9126 | -3/Lab | Found Core Regenerator 9142 | -3/Lab | Discovered new exit (range 9) 9173 | -3/Lab | Entered Research 9173 | -2/Research | Accompanied by 7 allies 9173 | -2/Research | Warlord forces began assault on 0b10 9173 | -2/Research | Evolved 2 slots: Propulsion x1, Utility x1 9181 | -2/Research | Identified Exp. Hacking Suite 9182 | -2/Research | Identified exit to Access 9182 | -2/Research | Identified exit to Testing 9252 | -2/Research | Fabricated S-43 Plague? 9283 | -2/Research | Research machine network offline 9286 | -2/Research | Repaired Graviton Reactor 9366 | -2/Research | Entered Testing 9366 | -2/Testing | Accompanied by 4 allies 9374 | -2/Testing | Found Prototype Launcher 9374 | -2/Testing | Identified Com. Tesla Bomb Launcher 9377 | -2/Testing | Found Com. Tesla Bomb Launcher 9431 | -2/Testing | Found Prototype Energy Cannon 9431 | -2/Testing | Identified Cld. Nova Cannon 9463 | -2/Testing | Spotted PP-NZXWJUHGFW 9489 | -2/Testing | Protovariant out of control (PP-NZXWJUHGFW) 9489 | -2/Testing | Unleashed a protovariant (PP-NZXWJUHGFW) 9501 | -2/Testing | Incoming investigation squad redirected 9510 | -2/Testing | Build established: Wizard-Sprinter 9514 | -2/Testing | Incoming assault squad redirected 9516 | -2/Testing | Lost 4 parts (1n2u1w) 9522 | -2/Testing | Spotted Fortress 9523 | -2/Testing | Intercept squad dispatched 9534 | -2/Testing | Discovered new exit (range 5) 9535 | -2/Testing | Entered Section 7 9536 | -2/Section 7 | Sensed 23 artifacts in vicinity 9540 | -2/Section 7 | Spotted B-90 Cyclops 9603 | -2/Section 7 | Spotted B-90 Cyclops 9612 | -2/Section 7 | Found Integrated Dissipator 9612 | -2/Section 7 | Installed Integrated Dissipator, increased core heat dissipation (+20) 9678 | -2/Section 7 | Found Microwarp Drive 9683 | -2/Section 7 | Discovered exit to Access (range 15) 9690 | -2/Section 7 | Found Integrated Dissipator 9690 | -2/Section 7 | Installed Integrated Dissipator, increased core heat dissipation (+20) 9704 | -2/Section 7 | Spotted Executioner 9704 | -2/Section 7 | Spotted Executioner 9709 | -2/Section 7 | Spotted Alpha 7 9712 | -2/Section 7 | Spotted B-99 Colossus 9728 | -2/Section 7 | Found LRC Storage 9728 | -2/Section 7 | Installed LRC Storage, increased inventory capacity (+2) 9731 | -2/Section 7 | Found LRC Matter Compressor 9731 | -2/Section 7 | Installed LRC Matter Compressor, increased matter storage capacity (+125) 9733 | -2/Section 7 | Found LRC Armor 9733 | -2/Section 7 | Installed LRC Armor, increased core integrity (+250) 9742 | -2/Section 7 | Found Integrity Redistributor 9767 | -2/Section 7 | Found Matter Drive 9773 | -2/Section 7 | Found Transdimensional Reconstructor 9774 | -2/Section 7 | Found Transdimensional Reconstructor 9775 | -2/Section 7 | Found Transdimensional Reconstructor 9795 | -2/Section 7 | Intercept squad dispatched 9799 | -2/Section 7 | Entered Access 9799 | -1/Access | Evolved 2 slots: Power x1, Utility x1 9808 | -1/Access | Identified Exp. System Shield 9900 | -1/Access | Identified exit to Command 9968 | -1/Access | Spotted B-99 Colossus 10006 | -1/Access | Entered Command 10028 | -1/Command | Identified exit to Surface 10062 | -1/Command | Disengaged cave seal 10062 | -1/Command | Derelicts emerged from the dark tunnel 10062 | -1/Command | Welcomed Warlord to Command 10192 | -1/Command | Spotted M Guard 10192 | -1/Command | Spotted M Guard 10192 | -1/Command | Spotted Combat Programmer 10192 | -1/Command | Spotted Combat Programmer 10231 | -1/Command | Warlord commented on Warlord statues 10244 | -1/Command | Met MAIN.C 10248 | -1/Command | 0b10 Conduit disabled 10274 | -1/Command | Found Prototype Device 10274 | -1/Command | Identified Femtoactuators 10276 | -1/Command | Found Prototype Device 10276 | -1/Command | Identified Exp. Phase Shifter 10278 | -1/Command | Found Prototype Device 10278 | -1/Command | Identified Exp. Transmission Jammer 10280 | -1/Command | Found Prototype Device 10280 | -1/Command | Identified Exp. Cloaking Device 10295 | -1/Command | Lost 5 parts (4n1u) 10295 | -1/Command | Found Prototype Processor 10295 | -1/Command | Identified Exp. Targeting Computer 10314 | -1/Command | Found Prototype Protection 10314 | -1/Command | Identified SHELL Armor 10318 | -1/Command | Found Prototype Reactor 10318 | -1/Command | Identified Zero-point Reactor 10322 | -1/Command | Found Prototype Reactor 10322 | -1/Command | Identified Vortex Chain Reactor 10546 | -1/Command | Build established: Alien-Gunner 10679 | -1/Command | Destroyed MAIN.C Shell 10682 | -1/Command | MAIN.C activated Command garrisons 10743 | -1/Command | Destroyed MAIN.C 10756 | -1/Command | Lost 5 parts (1n2u2w) 12008 | -1/Command | All MAIN.C guards destroyed 17954 | -1/Command | Found Prototype Device 17954 | -1/Command | Identified Exp. Force Field 18890 | -1/Command | Found Prototype Launcher 18890 | -1/Command | Identified Gui. Micro-nuke Launcher 19220 | -1/Command | Build established: Alien-Mutant 19292 | -1/Command | Found Prototype Slashing Weapon 19292 | -1/Command | Identified Particle Cleaver 19456 | -1/Command | Spotted B-99 Colossus 19654 | -1/Command | Phase Generator disabled 19812 | -1/Command | Build established: Alien-Gunner 21354 | -1/Command | Found Unknown Device 21354 | -1/Command | Identified Antimissile System 21761 | -1/Command | Destroyed B-99 Colossus 21797 | -1/Command | Found Prototype Processor 21797 | -1/Command | Identified Exp. Target Analyzer 21873 | -1/Command | Found Exp. Targeting Computer 21876 | -1/Command | Found Corrupted Exp. Targeting Computer 21884 | -1/Command | Found Corrupted Exp. Targeting Computer 22390 | -1/Command | Used Core Regenerator, restored core integrity (+141) 23523 | -1/Command | Warped through subspace to slip node 23523 | -1/Command | Discovered new exit (range 5) 23531 | -1/Command | Entered Access_0 23532 | -1/Access_0 | Sensed 3 artifacts in vicinity 23533 | -1/Access_0 | Met Architect 23618 | -1/Access_0 | Used Integrity Redistributor, redistributed integrity from core (-510) 23700 | -1/Access_0 | A6 warped into view 23704 | -1/Access_0 | Destroyed A6 23720 | -1/Access_0 | Core integrity fell below 50% 23779 | -1/Access_0 | Emitted hypermatrix ping 23784 | -1/Access_0 | Assembled emerged from beneath the floor 23786 | -1/Access_0 | Subspace Access Node disabled 23821 | -1/Access_0 | Core integrity fell below 20% 23829 | -1/Access_0 | Warped through subspace to slip node 23829 | -1/Access_0 | Discovered exit to Surface (range 8) 23838 | *** | Heading to fleet! Last Messages --------------- 23803_ Penetrated by HV Slug. 23804_ Acquired 1 matter. 23815_ Quantum Shear penetrates Wall. 23817_ System corrupted: Matter fused (-6). 23817_ Quantum Shear penetrates Wall. 23820_ Acquired 3 matter. 23820_ Quantum Shear penetrates Wall. 23820_ Penetrated by Quantum Shear. 23820_ Microwarped (distance 27). 23821_ Microwarped (distance 5). 23822_ Microwarped (distance 6). 23823_ Microwarped (distance 9). 23824_ Microwarped (distance 20). 23825_ Microwarped (distance 3). 23826_ Microwarped (distance 8). 23827_ Microwarped (distance 5). 23828_ Microwarped (distance 9). 23829_ Warped through subspace, drawn to slip node. 23829_ EXIT=FOUND: SURFACE 23838_ System corrupted: Heat flow error (+200). Map ----- +----------------------------------------------------+ | | | | | | | | | | | | | | | | | | | | | | | | | | | | | | | | | ?????????????????????????????????????????????????? | | ?????????????????????????????????????????????????? | | ?????????????????????????????????????????????????? | | ?????????????????????????????????????????????????? | | ?????????????????????????????????????????????????? | | ?????????????????????????????????????????????????? | | ????????????????????????###??????????????????????? | | ???????????????????????## ##?????????????????????? | | ???????????????????????# #?????????????????????? | | ???????????????????????# @ #?????????????????????? | | ??????????????????????## #?????????????????????? | | ??????????????????????# #?????????????????????? | | ??????????????????????# ##?????????????????????? | | ??????????????????????## #?????????????????????? | | ??????????????????????# #?????????????????????? | | ??????????????????????# ##?????????????????????? | | ??????????????????????# < #?????????????????????? | | ??????????????????????# ##?????????????????????? | | ??????????????????????## #??????????????????????? | | ???????????????????????####??????????????????????? | | ?????????????????????????????????????????????????? | | ?????????????????????????????????????????????????? | | ?????????????????????????????????????????????????? | | ?????????????????????????????????????????????????? | | ?????????????????????????????????????????????????? | | ?????????????????????????????????????????????????? | | ?????????????????????????????????????????????????? | | ?????????????????????????????????????????????????? | | ?????????????????????????????????????????????????? | | ?????????????????????????????????????????????????? | | ?????????????????????????????????????????????????? | | ?????????????????????????????????????????????????? | | ?????????????????????????????????????????????????? | | ?????????????????????????????????????????????????? | +----------------------------------------------------+ Best States ------------- Heat Dissipation 137 Energy Generation 65 Energy Capacity 1300 Matter Stores 825 Matter Capacity 825 Sight Range 23 Robot Scan Range 15 Terrain Scan Range 16 Terrain Scan Density 410 ECM Strength 1 Jamming Range 22 Cloak Strength 4 Additional Mass Support 12 EM Shielding 4 Armor Coverage 1275 Resistance: TH 50 Propulsion Shielding 90 Utility Shielding 90 Point Defense Rating 240 Weapon Cycling 25 Phase Shifting 20 Evasion (%) 81 Targeting Accuracy 26 Target Analysis 10 Armor Integrity Analysis 50 Recoil Reduction 5 Salvage Targeting 4 Stasis Canceling 2 Offensive Hacking 35 Defensive Hacking 65 Item Schematics ----------------- Dimensional Manipulator | -2/Testing | Hacked Robot Schematics ------------------ None Fabricated ------------ Imp. Signal Interpreter | x2 | -7/Factory Exp. Utility Shielding | x1 | -3/Research Biomechanical Wings | x1 | -3/Research Biomechanical Wings | x1 | -3/Armory Cmb. Linear Gravjet | x2 | -3/Armory | Preloaded Biomechanical Wings | x1 | -3/Armory Biomechanical Wings | x1 | -3/Armory Biomechanical Wings | x1 | -3/Armory Exp. Propulsion Shielding | x1 | -3/Armory Exp. Propulsion Shielding | x1 | -3/Armory Biomechanical Wings | x1 | -3/Armory S-43 Plague | x4 | -2/Research | Preloaded Alien Tech Used ----------------- Core Expander Integrated Reactor Transdimensional Reconstructor Core Reset Matrix Integrated Mediator Integrated Dissipator LRC Storage LRC Matter Compressor LRC Armor Matter Drive Core Regenerator Integrity Redistributor Microwarp Drive Achievements -------------- None Challenges ------------ None Game ------ Seed ThrusterArmageddonRifle Manual? 0 Play Time 04:18:41 Cumulative 436.7 hours Start 2021.09.17 @ 20:58:40 End 2021.09.18 @ 23:10:42 Sessions 3 Manual Loads 0 Difficulty Rogue Special Mode None Game No. 423 Rogue 208 Adventurer 112 Explorer 103 Win Type 2 Total 31 Types 21/0/7/2/0/0/0/1/0 Lore% 87 Gallery% 92 Achievement% 76 Wizard Run 0 Options --------- ASCII 0 Keyboard 0 Movement Numpad Keybinds 0 Fullscreen 2 Font 18/TerminusBold Map View 76x50 Tactical HUD 1 Map Filters NONE Filters NONE Steam 1 RUN: 6e703f0d-5f09-4143-aa79-c0f57510152f